 Dungeon Crawl Stone Soup version 0.17-a0-1719-g1afd5a1 (webtiles) character file.

8760316 nubinia the Archmage (level 27, 159/159 HPs)
             Began as a Deep Elf Fire Elementalist on Aug 18, 2015.
             Was the Champion of Zin.
             Escaped with the Orb
             ... and 15 runes on Aug 28, 2015!
             The game lasted 1 day 11:19:44 (197955 turns).

nubinia the Archmage (DEFE)                   Turns: 197955, Time: 1 , 11:19:44

Health: 159/159    AC: 28    Str: 14    XL:     27
Magic:  83/83      EV: 39    Int: 30    God:    Zin [******]
Gold:   5045       SH: 23    Dex: 30    Spells: 19 memorised, 3 levels left

rFire  + + .     SeeInvis .     a - +9 dagger (protect)
rCold  . . .     Rnd*Rage +     B - +3 leather armour {rF+}
rNeg   + + .     SustAt   .     T - +2 large shield of the Other World {MP+9 Str+4 Slay+2}
rPois  .         Gourm    .     v - +4 hat of Yfahorph {+Blink Stlth+}
rElec  .         Spirit   .     n - +3 cloak "Fuenuwn" {MP+9}
rCorr  .         Warding  .     P - +2 pair of gloves {Dex+3}
rMut   .         Stasis   .     q - +2 pair of boots {run}
MR     ++...                    r - amulet of Vitality {Regen+ HP+15}
Stlth  ++++......               G - ring of Autumn {rF+ rN++ Int+4 Stlth+}
                                d - ring of Makhleb's Hatred {MP+9 Str+4 Dex+5 Stlth+}

@: delayed fireball, deflect missiles, quick, very resistant to hostile
enchantments, stealthy
A: horns 2, berserk 1, breathe flames 1, shaggy fur 1, wild magic 1
a: Donate Gold, Recite, Vitalisation, Imprison, Sanctuary, Cure All Mutations,
Renounce Religion, Breathe Fire, Release Delayed Fireball, Evoke Blink
0: Orb of Zot
}: 15/15 runes: decaying, serpentine, slimy, silver, golden, iron, obsidian,
icy, bone, abyssal, demonic, glowing, magical, fiery, dark


You escaped.
You worshipped Zin.
Zin was exalted by your worship.
You were not hungry.

You visited 18 branches of the dungeon, and saw 95 of its levels.
You visited Pandemonium 6 times, and saw 26 of its levels.
You visited the Abyss 11 times.
You visited 1 bazaar.
You visited 1 ziggurat, and saw 8 of its levels.
You also visited: Labyrinth, Trove, Ice Cave and Volcano.

You collected 17270 gold pieces.
You spent 2908 gold pieces at shops.
You donated 9317 gold pieces to Zin.

Inventory:

Hand weapons
 a - a +9 dagger of protection (weapon)
 X - the +7 war axe of Dithmenos's Wrath {speed, +Fly Int-5 SInv}
   (You found it in Pandemonium)

   Attacks with this weapon are significantly faster.
   It affects your intelligence (-5).
   It lets you see invisible.
   It lets you fly.
Armour
 n - the +3 cloak "Fuenuwn" (worn) {MP+9}
   (You found it in a treasure trove)

   It affects your magic capacity (+9).
 q - a +2 pair of boots of running (worn)
 v - the +4 hat of Yfahorph (worn) {+Blink Stlth+}
   (You acquired it on level 3 of the Realm of Zot)

   It lets you blink.
   It makes you more stealthy.
 B - a +3 leather armour of fire resistance (worn)
 P - a +2 pair of gloves of dexterity (worn)
 T - the +2 large shield of the Other World (worn) {MP+9 Str+4 Slay+2}
   (You took it off a daeva in Pandemonium)

   It affects your strength (+4).
   It affects your accuracy and damage with ranged weapons and melee attacks
   (+2).
   It affects your magic capacity (+9).
Magical staves
 b - an uncursed staff of conjuration
Jewellery
 d - the ring of Makhleb's Hatred (left hand) {MP+9 Str+4 Dex+5 Stlth+}
   (You took it off a skeletal warrior on level 7 of the Iron City of Dis)

   [ring of magical power]

   It affects your strength (+4).
   It affects your dexterity (+5).
   It affects your magic capacity (+9).
   It makes you more stealthy.
 r - the amulet of Vitality (around neck) {Regen+ HP+15}
   (You bought it in a shop in a bazaar)

   [amulet of regeneration]

   It affects your health (+15).
   It increases your rate of regeneration.
 s - the amulet of Suicidal Tendencies {Clar rN+ Dex+2 SInv}
   (You bought it in a shop on level 4 of the Orcish Mines)

   [amulet of clarity]

   It provides mental clarity.
   It affects your dexterity (+2).
   It protects you from negative energy.
   It lets you see invisible.
 u - the amulet "Gougu" {Ward rN+ MP+9 Str+2}
   (You took it off a yaktaur captain on level 5 of the Vaults)

   [amulet of warding]

   It may prevent the melee attacks of summoned creatures.
   It affects your strength (+2).
   It protects you from negative energy.
   It affects your magic capacity (+9).
 A - a +4 ring of protection
 G - the ring of Autumn (right hand) {rF+ rN++ Int+4 Stlth+}
   (You found it on level 8 of the Lair of Beasts)

   [ring of stealth]

   It affects your intelligence (+4).
   It protects you from fire.
   It greatly protects you from negative energy.
   It makes you more stealthy.
 K - the ring "Ofah" {*Corrode rElec rC+ MR++ Str+2}
   (You found it on level 4 of the Depths)

   [ring of protection from cold]

   It affects your strength (+2).
   It protects you from cold.
   It insulates you from electricity.
   It affects your resistance to hostile enchantments.
   It may corrode your equipment when you take damage.
 O - an uncursed ring of flight
 S - the ring "Moits" {rF- rC+++ rN+ Str+2 Dex+4}
   (You found it on level 3 of the Crypt)

   [ring of positive energy]

   It affects your strength (+2).
   It affects your dexterity (+4).
   It makes you vulnerable to fire.
   It renders you almost immune to cold.
   It protects you from negative energy.
 U - the amulet of Laruphin {Ward rN+ Slay+3}
   (You found it on level 7 of Tartarus)

   [amulet of warding]

   It may prevent the melee attacks of summoned creatures.
   It affects your accuracy and damage with ranged weapons and melee attacks
   (+3).
   It protects you from negative energy.
 V - an uncursed amulet of stasis
 Z - the amulet of the Four Winds {Clar rN+ MR+++}
   (You found it on level 6 of the Pits of Slime)

   [amulet of clarity]

   It provides mental clarity.
   It protects you from negative energy.
   It affects your resistance to hostile enchantments.
Magical devices
 l - a wand of disintegration (15)
 t - a wand of digging (4)
 J - a wand of fire (12)
 N - a wand of teleportation (5)
 R - a wand of cold (4)
 Y - a wand of teleportation (0)
Scrolls
 f - 2 scrolls of holy word
 o - 9 scrolls of blinking
 w - 40 scrolls of remove curse
 C - 4 scrolls of summoning
 H - 10 scrolls of recharging
 L - 4 scrolls of identify
 W - a scroll of magic mapping
Potions
 e - 6 potions of flight
 h - 2 potions of haste
 i - 2 potions of resistance
 j - 5 potions of agility
 k - 2 potions of cure mutation
 m - 2 potions of magic
 x - 7 potions of heal wounds
 y - 16 potions of brilliance
 E - 20 potions of curing
Books
 p - a book of Enchantments

   Spells                             Type                      Level
   a - Cause Fear                     Hexes                        4
   b - Silence                        Hexes/Air                    5
   c - Deflect Missiles               Charms/Air                   6
   d - Haste                          Charms                       6
   e - Discord                        Hexes                        8
Miscellaneous
 c - 3 phantom mirrors
 g - a lamp of fire
 F - a phial of floods
 I - a stone of tremors
 Q - a fan of gales
Comestibles
 z - 6 bread rations
 D - 2 chunks of flesh


   Skills:
 + Level 7.5 Fighting
 + Level 9.8 Short Blades
 + Level 8.0 Armour
 O Level 27 Dodging
 + Level 23.8 Stealth
 + Level 16.1 Shields
 O Level 27 Spellcasting
 O Level 27 Conjurations
 - Level 9.1 Hexes
 - Level 21.0 Charms
   Level 15.0 Necromancy
 - Level 20.2 Translocations
 O Level 27 Fire Magic
 + Level 23.3 Ice Magic
 + Level 6.4 Air Magic
   Level 1.9 Earth Magic
 - Level 5.9 Poison Magic
 + Level 24.0 Invocations
 + Level 6.7 Evocations


You had 3 spell levels left.
You knew the following spells:

 Your Spells              Type           Power        Failure   Level  Hunger
a - Magic Dart            Conj           ####         1%          1    None
b - Dazzling Spray        Conj/Hex       ########     1%          3    None
c - Mephitic Cloud        Conj/Pois/Air  ########     1%          3    None
d - Apportation           Tloc           ########..   1%          1    None
e - Fireball              Conj/Fire      ########..   1%          5    None
f - Force Lance           Conj/Tloc      ########     1%          4    None
g - Shroud of Golubria    Chrm/Tloc      ########..   1%          2    None
h - Blink                 Tloc           N/A          1%          2    None
i - Iskenderun's Battles  Conj/Chrm      ########     1%          5    None
j - Sticky Flame          Conj/Fire      ########     1%          4    None
k - Deflect Missiles      Chrm/Air       ########..   4%          6    None
l - Controlled Blink      Tloc           N/A          3%          7    None
m - Haste                 Chrm           ########     1%          6    None
n - Dispersal             Tloc           ########..   1%          6    None
o - Ozocubu's Armour      Chrm/Ice       ########     1%          3    None
p - Phase Shift           Tloc           ########..   1%          5    None
r - Delayed Fireball      Conj/Fire      N/A          1%          7    None
B - Bolt of Fire          Conj/Fire      ########..   1%          6    None
C - Bolt of Cold          Conj/Ice       ########..   1%          6    None


Dungeon Overview and Level Annotations

Branches:
Dungeon (15/15)            Temple (1/1) D:5            Lair (8/8) D:10
  Swamp (4/4) Lair:3        Snake (4/4) Lair:4        Slime (6/6) Lair:8
    Orc (4/4) D:10            Elf (3/3) Orc:4        Vaults (5/5) D:14
  Crypt (3/3) Vaults:2       Tomb (3/3) Crypt:3      Depths (5/5) D:15
   Hell (1/1)                 Dis (7/7) Hell            Geh (7/7) Hell
    Coc (7/7) Hell            Tar (7/7) Hell            Zot (5/5) Depths:5

Altars:
Ashenzari
Cheibriados
Dithmenos
Elyvilon
Fedhas
Gozag
Kikubaaqudgha
Makhleb
Nemelex Xobeh
Okawaru
Qazlal
Ru
Sif Muna
Trog
Vehumet
Xom
Yredelemnul
Zin
The Shining One
Beogh
Jiyva

Shops:
D:5 (   Orc:1 }   Orc:4 =[(*   Snake:4 }:   Depths:2 *

Portals:
Hell: Lair:8 Depths:1 Depths:2 Depths:3 Depths:4 Depths:5
Abyss: Depths:4
Pandemonium: Depths:3
Ziggurat: Depths:4

Annotations:
D:6 Ajdolov's ghost, experienced FoAK
D:10 1 exclusion
Swamp:4 Lernaean hydra
Slime:4 Dissolution
Depths:4 exclusion: 2 daevas
Dis:7 exclusion: door, Ajdolov's ghost, legendary MiBe; Dispater
Geh:7 Asmodeus
Coc:7 Antaeus
Tar:7 Ereshkigal; Serpent of Hell


Innate Abilities, Weirdness & Mutations

You have a pair of horns on your head.
You tend to lose your temper in combat.
You can breathe flames.
You are covered in fur (AC +1).
Your spells are a little harder to cast, but a little more powerful.


Message History

The Orb Guardian closely misses you.
You see here a dagger.
The Orb Guardian closely misses you.
There is a stone staircase leading up here.
Casting: Force Lance
Confirm with . or Enter, or press ? or * to list all spells.
Aiming: Force Lance
Press: ? - help, Shift-Dir - straight line, f/p - Orb Guardian
Aim: an Orb Guardian (lightly wounded)
The lance of force hits the Orb Guardian.
The Orb Guardian is moderately wounded.
The Orb Guardian is knocked back by the lance of force.
You block the Orb Guardian's attack.
You climb upwards.
There is a stone staircase leading down here.
Magic restored.
You see here a mace.
There is an open gate here.
There is a staircase leading out of the dungeon here.
You have escaped!

##.######.#.#.# #.# #..#
#.# ...# #.#.#.#
#.####..##### #.# ####
#[#.#.# #...........# #.#
#.#.#.########..###.###.#
#.#..)....)..#..##.#†##.#
#.#..##'''##.#....###...#
#.#..#...[.#.##.##.#.####
##.#..#.....#.##.###.##
#.....#..@..#........#
##.#..#.....#..##.####
#.#..#######..##.#
#.#.##........##.#
#.#.#######...##.# #.#.#
######.# ##.#.# #.#
##....# #.# #.....#
########.#


There were no monsters in sight!

Vanquished Creatures
  the royal jelly (Slime:6)
  A seraph (Pan)
  Khufu (Tomb:3)
  5 orbs of fire (Zot:5)
  5 ancient liches
  Mennas (Pan)
  25 greater mummies
  4 shard shrikes (Coc:7)
  3 Killer Klowns (Zot:5)
  Margery (Depths:5)
  Norris (Vaults:1)
  3 curse toes
  A caustic shrike (Zig:7)
  Geryon (Hell)
  12 golden dragons
  2 pearl dragons (Pan)
  A profane servitor (Crypt:1)
  Jory (Vaults:5)
  2 bone dragons
  13 Brimstone Fiends
  4 electric golems
  Jorgrun (Snake:4)
  14 liches
  A hellephant (Abyss:1)
  25 tentacled monstrosities
  5 Hell Sentinels
  23 Orb Guardians
  13 Ice Fiends
  Asterion (Vaults:1)
  2 deep elf master archers (Elf:3)
  6 titans
  3 deep elf blademasters
  2 quicksilver dragons (Dis:7)
  11 death cobs
  Murray (Lair:8)
  15 sphinxes
  10 tentacled starspawn
  24 acid blobs
  41 Executioners
  The ghost of stickyfingers the Warrior, a mighty NaAs of Nemelex Xobeh (D:15)
  14 Shadow Fiends
  An octopode crusher (Abyss:1)
  2 thorn hunters
  Agnes (Snake:1)
  19 storm dragons
  7 shadow dragons
  7 revenants
  7 ancient champions
  A shadow dragon (shapeshifter) (Depths:4)
  5 tengu reavers
  9 draconian monks
  A fire giant (shapeshifter) (Vaults:3)
  6 frost giants
  6 azure jellies
  A frost giant (shapeshifter) (Zig:8)
  16 fire giants
  11 iron dragons
  28 daevas
  12 deep elf sorcerers
  8 greater nagas
  7 draconian knights
  20 cacodemons
  22 vault wardens
  Aizul (Swamp:4)
  3 ghost moths
  An orc warlord (Orc:4)
  9 curse skulls
  36 balrugs
  7 draconian scorchers
  9 draconian zealots
  A warmonger (Pan)
  9 ghouls
  51 angels
  4 draconian shifters
  22 ironheart preservers
  11 draconian annihilators
  42 reapers
  9 draconian callers
  2 corrupters (Pan)
  26 stone giants
  18 very ugly things
  2 elemental wellsprings (Coc:7)
  49 apis (Pan)
  17 green draconians
  4 chaos champions (Pan)
  3 blood saints (Pan)
  35 starcursed masses
  4 salamander firebrands
  7 war gargoyles
  8 bennus
  17 deep elf annihilators
  Nessos (D:13)
  25 ophanim (Pan)
  10 vampire knights
  14 deep elf demonologists
  2 salamander stormcallers
  3 dire elephants
  7 mottled draconians
  10 black draconians
  11 white draconians
  17 yellow draconians
  5 black suns
  10 lorocyprocas
  14 red draconians
  6 purple draconians
  15 blizzard demons
  13 eidola
  A merfolk javelineer (Depths:3)
  An ettin (shapeshifter) (Zig:8)
  A crystal guardian (Vaults:4)
  16 deep elf death magi
  6 jiangshi
  31 fire dragons
  6 quicksilver dragon zombies
  2 minotaurs
  37 vault guards
  16 ettins
  26 mummy priests
  10 death oozes
  Josephine (D:13)
  20 yaktaur captains
  10 green deaths
  13 great orbs of eyes
  3 deep elf high priests
  A kraken zombie (Hell)
  35 hydras
  5 rakshasas
  23 naga warriors
  4 entropy weavers
  26 ice dragons
  8 hell beasts
  11 centaur warriors
  7 quicksilver dragon skeletons
  A ghost crab (shapeshifter) (Vaults:1)
  13 anacondas
  3 monstrous demonspawn (Pan)
  A spriggan air mage (Depths:3)
  4 death knights
  21 ogre magi
  An anaconda (shapeshifter) (Vaults:5)
  Erolcha (D:13)
  An alligator snapping turtle (Depths:3)
  17 dancing weapons
  2 ghost crabs (Swamp:4)
  2 catoblepae
  9 alligators
  A merfolk aquamancer (Zig:3)
  7 death yaks
  8 vampire magi
  16 deep troll earth magi
  A queen ant (shapeshifter) (Vaults:4)
  3 tengu warriors (D:15)
  19 hell hogs
  7 thrashing horrors
  12 shock serpents
  Urug (Orc:4)
  2 spriggan berserkers (Depths:5)
  15 deep troll shamans
  3 titan zombies
  22 deep elf knights
  47 sun demons
  21 naga sharpshooters
  An orc high priest (Orc:4)
  14 iron trolls
  A storm dragon zombie (Geh:6)
  Nergalle (Orc:4)
  5 titan skeletons
  38 soul eaters
  29 hell knights
  8 wretched stars
  3 salamander mystics
  14 shadow wraiths
  3 storm dragon skeletons
  The ghost of karlkraus the Blocker, an experienced MiFi of Qazlal (D:8)
  A fire crab (Lair:7)
  2 death drakes (Depths:4)
  A deep troll (shapeshifter) (Depths:4)
  A quicksilver dragon simulacrum (Abyss:3)
  2 golden dragon zombies
  8 infernal demonspawn (Pan)
  96 skeletal warriors
  A spatial maelstrom (Abyss:4)
  19 shadow demons
  22 ice devils
  4 anaconda zombies
  25 cherubim (Pan)
  16 flayed ghosts
  A sea snake (Snake:4)
  8 swamp dragons
  10 gelid demonspawn
  A giant orange brain (shapeshifter) (Vaults:3)
  20 death scarabs
  26 deep trolls
  5 unseen horrors
  12 harpies
  2 spriggan druids (Swamp:4)
  10 naga ritualists
  13 deep elf summoners
  22 ironbrand convokers
  3 ice statues
  29 phantasmal warriors
  5 shambling mangroves
  3 lindwurms (Depths:4)
  6 shining eyes
  A swamp dragon (shapeshifter) (Depths:3)
  3 shadow dragon zombies
  A tengu zombie (Depths:2)
  Pikel (D:6)
  10 giant orange brains
  5 torturous demonspawn (Pan)
  5 anaconda skeletons
  7 griffons
  2 unseen horrors (shapeshifter)
  2 golden dragon skeletons (Pan)
  An orb spider (Abyss:1)
  10 hill giants
  7 putrid demonspawn (Pan)
  34 anubis guards
  5 wizards
  19 orc knights
  12 deep elf conjurers
  28 necromancers
  5 oklob plants (Zot:1)
  2 iron dragon zombies
  A tengu skeleton (Depths:2)
  3 wolf spider zombies
  4 frost giant zombies
  6 hornets
  3 orc sorcerers
  63 ugly things
  7 fire giant zombies
  8 wolf spiders
  A stone giant zombie (Dis:6)
  11 mana vipers
  16 salamanders
  A shadow dragon skeleton (Geh:2)
  A hornet (shapeshifter) (D:15)
  8 cyclopes
  25 elephants
  4 frost giant skeletons
  3 iron dragon skeletons
  22 moths of wrath
  4 worldbinders
  3 centaur zombies
  41 sixfirhies
  6 manticores
  7 dire elephant zombies
  10 fire giant skeletons
  17 vault sentinels
  Maurice (D:10)
  6 eyes of devastation
  A moth of wrath (shapeshifter) (Depths:1)
  47 rust devils
  24 naga magi
  55 smoke demons
  A titan simulacrum (Coc:7)
  26 spiny frogs
  6 stone giant skeletons
  3 molten gargoyles (Geh:7)
  A siren (Zig:3)
  5 guardian serpents
  2 torpor snails
  A gargoyle (D:13)
  47 orange demons
  52 black mambas
  10 centaur skeletons
  An apocalypse crab (Abyss:4)
  38 small abominations
  A catoblepas zombie (Dis:3)
  69 yaktaurs
  5 fire drakes
  2 shock serpent skeletons
  5 dire elephant skeletons
  36 tormentors
  3 kobold demonologists
  18 efreet
  2 storm dragon simulacra (Coc:7)
  6 ancient zymes
  The ghost of emiel the Carver, an experienced HEGl of Makhleb (D:5)
  44 freezing wraiths
  12 komodo dragons
  10 demonic crawlers
  A komodo dragon (shapeshifter) (D:15)
  12 deep elf priests
  A sea snake zombie (Crypt:2)
  4 anaconda simulacra (Coc:7)
  10 trolls
  2 yaktaur skeletons
  43 guardian mummies
  2 golden dragon simulacra
  3 tengu conjurers
  2 yellow draconian skeletons
  22 hellions
  28 blue devils
  47 hellwings
  A black draconian skeleton (Pan)
  The ghost of karlkraus the Shield-Bearer, an average MiFi (D:4)
  2 harpy zombies
  12 hydra zombies
  A polar bear (shapeshifter) (Elf:3)
  A merfolk (Zig:3)
  11 bog bodies
  47 red devils
  A polar bear (Lair:3)
  3 harpy skeletons
  A trapdoor spider zombie (D:9)
  Prince Ribbit (D:5)
  A ghost moth simulacrum (Tomb:3)
  11 giant leeches
  107 slime creatures
  A blink frog (shapeshifter) (D:13)
  7 hydra skeletons
  3 ice dragon zombies
  3 boulder beetles
  13 ushabtiu
  3 human simulacra (Vaults:1)
  42 two-headed ogres
  7 fire dragon zombies
  4 alligator zombies
  7 ettin zombies
  A stone giant simulacrum (Vaults:2)
  19 blink frogs
  A boulder beetle (shapeshifter) (Vaults:5)
  A guardian serpent zombie (Crypt:2)
  12 raiju
  A dire elephant simulacrum (Abyss:4)
  A jumping spider (Crypt:3)
  17 vampires
  2 spriggans
  A fire dragon skeleton (Crypt:3)
  94 flying skulls
  4 wyverns
  19 redbacks
  7 ettin skeletons
  9 ice dragon skeletons
  A yak (shapeshifter) (Depths:5)
  4 tarantellas
  A raiju (shapeshifter) (Vaults:4)
  3 alligator skeletons
  24 ynoxinuls
  A satyr skeleton (Crypt:2)
  5 water elementals
  37 wraiths
  16 golden eyes
  4 basilisks
  63 yaks
  A yaktaur simulacrum (Vaults:2)
  51 vampire mosquitoes
  17 chaos spawn
  4 black mamba skeletons
  A black mamba zombie (Crypt:3)
  2 fire bats (shapeshifter)
  39 deep elf magi
  31 deep elf fighters
  14 fire elementals
  2 humans (shapeshifter) (Vaults:4)
  15 shadows
  15 hippogriffs
  6 hungry ghosts
  A harpy simulacrum (Abyss:4)
  A steam dragon (D:12)
  79 large abominations
  30 neqoxecs
  14 wargs
  61 nagas
  20 insubstantial wisps
  A spatial vortex (Abyss:4)
  A soldier ant (D:13)
  15 swamp worms
  7 wolves
  5 mottled dragons
  A redback simulacrum (Vaults:2)
  66 hell hounds
  A merfolk skeleton (Crypt:2)
  10 spiny frog zombies
  5 hydra simulacra
  11 water moccasins
  5 sky beasts
  50 orc warriors
  11 porcupines
  19 swamp drakes
  An elf zombie (Vaults:4)
  A sky beast (shapeshifter) (Depths:1)
  8 wasps
  13 ice beasts
  4 spiny frog skeletons
  3 alligator simulacra
  A manticore zombie (Crypt:3)
  2 spiders (Crypt:3)
  19 necrophages
  2 slaves
  4 black bears
  A black bear (shapeshifter) (Vaults:5)
  10 eyes of draining
  8 phantoms
  25 boggarts
  A centaur (shapeshifter) (D:15)
  2 swamp dragon skeletons (Pan)
  2 manticore skeletons
  75 ogres
  23 centaurs
  4 snapping turtle skeletons
  7 big kobolds
  2 brain worms
  3 elf skeletons
  20 crocodiles
  A spiny frog simulacrum (Coc:4)
  A wyvern zombie (D:12)
  19 giant frogs
  An earth elemental (Abyss:1)
  5 wyvern skeletons (Crypt:3)
  5 scorpions
  2 snapping turtle simulacra
  A vampire bat (D:3)
  4 killer bees (D:13)
  33 wights
  8 draconian simulacra (IceCv)
  A swamp dragon simulacrum (IceCv)
  16 electric eels
  22 crimson imps
  A wasp zombie (Crypt:1)
  5 giant frog zombies
  9 hounds
  11 quasits
  44 orc priests
  50 orc wizards
  3 giant frog skeletons
  3 human zombies
  Crazy Yiuf (D:6)
  53 jellies
  25 iron imps
  16 worker ants
  2 human skeletons
  A polar bear simulacrum (IceCv)
  12 iguanas
  9 hell rats
  20 sheep
  A killer bee zombie (D:9)
  A porcupine skeleton (Crypt:1)
  A dwarf zombie (Crypt:2)
  6 troll simulacra (IceCv)
  A wolf simulacrum (IceCv)
  2 naga zombies
  A spriggan simulacrum (IceCv)
  A dwarf skeleton (Crypt:1)
  A naga skeleton (Coc:7)
  47 mummies
  A worker ant zombie (D:6)
  13 adders
  4 ogre simulacra (IceCv)
  10 shadow imps
  A naga simulacrum (IceCv)
  63 river rats
  38 white imps
  6 ufetubi
  A lava snake zombie (Crypt:1)
  7 oozes
  3 adder skeletons
  An adder zombie (D:7)
  3 worms
  7 fire bats
  4 giant geckos
  257 orcs
  2 spectral bats (D:3)
  2 ball pythons
  17 bats
  A bat simulacrum (D:3)
  3 bat skeletons (D:3)
  A bat zombie (D:3)
  6 hobgoblins
  11 jackals
  18 kobolds
  10 quokkas
  9 giant cockroaches
  7 giant newts
  A gnoll zombie (Crypt:1)
  3 goblins
  An orc skeleton (Abyss:4)
  An orc zombie (Crypt:3)
  A quokka skeleton (D:5)
  9 rats
  3 crawling corpses (Elf:3)
  5 fungi
  3 lost souls (Crypt:3)
  13 pillars of salt
  7 plants
  3 starspawn tentacles (Abyss:2)
  3 starspawn tentacle segments (Abyss:2)
5791 creatures vanquished.

Vanquished Creatures (collateral kills)
  A tentacled monstrosity (Vaults:4)
  2 titans (Vaults:5)
  An Executioner (Pan)
  An acid blob (Zot:1)
  4 ancient champions
  2 sphinxes (Tomb:1)
  2 shadow dragons (Depths:2)
  2 greater nagas (Snake:4)
  A fire giant (Depths:4)
  3 frost giants
  2 curse skulls (Crypt:1)
  3 vault wardens
  4 very ugly things
  A ghost moth (Zot:3)
  2 ghouls (Crypt:2)
  3 ironheart preservers
  4 stone giants
  A war gargoyle (Vaults:5)
  2 reapers
  2 red draconians (Zot:1)
  A yellow draconian (Zot:1)
  3 white draconians
  2 ettins (Vaults:5)
  An eidolon (Crypt:2)
  A jiangshi (Crypt:2)
  A green death (Pan)
  A mummy priest (Tomb:3)
  A vault guard (Vaults:4)
  2 yaktaur captains
  A great orb of eyes (Vaults:5)
  A deep elf high priest (Vaults:4)
  4 naga warriors
  2 death knights (Crypt:2)
  A hydra (Depths:3)
  An ice dragon (Depths:4)
  A centaur warrior (Vaults:1)
  An anaconda (Snake:4)
  3 deep troll shamans
  A dancing weapon (Elf:2)
  A deep troll earth mage (Depths:3)
  A tengu warrior (Depths:5)
  2 vampire magi
  A titan zombie (Crypt:3)
  A naga sharpshooter (Snake:3)
  A titan skeleton (Depths:2)
  3 skeletal warriors
  2 death scarabs (Tomb:1)
  2 deep trolls (Depths:2)
  A harpy (Depths:3)
  A tengu zombie (Depths:2)
  13 anubis guards
  2 ironbrand convokers
  4 necromancers
  A phantasmal warrior (Vaults:5)
  An anaconda skeleton (Crypt:3)
  2 manticores (Depths:3)
  2 wolf spiders
  7 ugly things
  A hornet (Vaults:5)
  A stone giant zombie (Depths:2)
  3 moths of wrath
  A griffon (Depths:3)
  2 fire giant zombies
  A cyclops (D:15)
  A fire giant skeleton (Depths:2)
  A naga mage (Snake:4)
  A black mamba (Snake:4)
  A vault sentinel (Vaults:5)
  2 frost giant skeletons
  A purple draconian zombie (Crypt:3)
  A kobold demonologist (Vaults:3)
  10 yaktaurs
  A guardian serpent (Snake:3)
  7 guardian mummies
  3 hellwings
  A sea snake zombie (Crypt:2)
  A fire drake (Depths:4)
  A hydra zombie (Crypt:3)
  A troll (D:15)
  A two-headed ogre (Vaults:1)
  A giant leech (Swamp:2)
  A jumping spider (Crypt:3)
  2 freezing wraiths
  An ushabti (Tomb:3)
  An alligator zombie (Tomb:2)
  A raiju (Depths:3)
  A trapdoor spider (shapeshifter) (Vaults:4)
  3 ettin zombies
  A wraith (Crypt:3)
  A boulder beetle (Depths:3)
  A spriggan skeleton (Depths:2)
  3 flying skulls
  A redback (Vaults:4)
  A redback (shapeshifter) (Vaults:4)
  2 deep elf fighters (Vaults:5)
  2 deep elf magi
  A yak (D:10)
  2 hippogriffs
  3 vampire mosquitoes (Vaults:3)
  A human simulacrum (Vaults:5)
  4 nagas
  2 elf zombies
  3 ogres
  An orc warrior (Vaults:1)
  2 necrophages (Crypt:3)
  A wasp (Swamp:3)
  2 big kobolds (Vaults:3)
  2 human skeletons
  3 wyvern skeletons (Crypt:3)
  A scorpion (shapeshifter) (Depths:3)
  A water moccasin skeleton (Crypt:2)
  An electric eel (D:13)
  4 wights (D:15)
  A jelly (Zot:1)
  2 sheep (D:13)
  4 mummies
  A giant cockroach (Depths:4)
  A kobold (Vaults:3)
  5 plants (Snake:4)
234 creatures vanquished.

Vanquished Creatures (others)
  A lich (Tomb:2)
  4 eldritch tentacles
  An octopode crusher (Depths:1)
  A draconian annihilator (Pan)
  2 red draconians
  A centaur warrior (D:15)
  A wretched star (Abyss:2)
  A skeletal warrior (Tomb:1)
  5 death scarabs (Tomb:2)
  A hill giant (D:15)
  A quicksilver dragon simulacrum (Tomb:2)
  A giant orange brain (Abyss:2)
  An anubis guard (Tomb:2)
  2 anaconda skeletons
  A fire giant zombie (Geh:6)
  An ugly thing (Zig:8)
  A harpy (Tomb:2)
  A sixfirhy (Abyss:1)
  A fire giant skeleton (Geh:7)
  A stone giant skeleton (Tomb:2)
  An apocalypse crab (Zig:8)
  A centaur skeleton (D:15)
  An efreet (Geh:7)
  A shock serpent skeleton (Geh:6)
  A two-headed ogre (D:14)
  An ushabti (Tomb:2)
  A shadow (D:15)
  An ice dragon zombie (Geh:7)
  16 flying skulls
  3 water elementals (Depths:1)
  A wraith (Dis:1)
  A centaur (D:15)
  A manticore skeleton (Tomb:2)
  A scorpion (Depths:4)
  2 small abominations
  A hound (D:12)
  9 mummies
  An ufetubus (Abyss:2)
  A kobold zombie (Geh:3)
  3 briar patches (Swamp:4)
  A bush (Abyss:1)
  351 eldritch tentacle segments
  56 fungi
  3 lost souls
  A lurking horror (Abyss:4)
  130 pillars of salt
  90 plants
  33 starspawn tentacles
  290 starspawn tentacle segments
  19 tentacles
  288 tentacle segments
1339 creatures vanquished.

Grand Total: 7364 creatures vanquished

Notes
Turn   | Place    | Note
--------------------------------------------------------------
     0 | D:1      | nubinia the Deep Elf Fire Elementalist began the quest for the Orb.
     0 | D:1      | Reached XP level 1. HP: 10/10 MP: 6/6
   272 | D:1      | Reached XP level 2. HP: 12/15 MP: 6/8
   395 | D:1      | Learned a level 2 spell: Throw Flame
   594 | D:1      | Reached skill level 4 in Fire Magic
  1084 | D:2      | Reached XP level 3. HP: 12/19 MP: 5/10
  2377 | D:3      | Reached XP level 4. HP: 24/24 MP: 9/11
  3324 | D:3      | Reached XP level 5. HP: 19/28 MP: 6/13
  3904 | D:3      | Learned a level 3 spell: Conjure Flame
  3909 | D:3      | Learned a level 4 spell: Sticky Flame
  4354 | D:3      | Reached XP level 6. HP: 32/32 MP: 12/14
  5122 | D:4      | Found a shadowy altar of Dithmenos.
  5170 | D:4      | Reached skill level 5 in Spellcasting
  5230 | D:5      | Entered Level 5 of the Dungeon
  5282 | D:5      | Found Someuriw's Weapon Shoppe.
  5293 | D:5      | Reached skill level 5 in Dodging
  5350 | D:5      | Reached XP level 7. HP: 36/36 MP: 14/16
  5644 | D:4      | Noticed karlkraus's ghost (average MiFi)
  5665 | D:5      | Noticed emiel's ghost (experienced HEGl)
  5686 | D:5      | Reached skill level 5 in Fire Magic
  6050 | D:4      | Noticed an ogre
  6054 | D:4      | Killed an ogre
  6359 | D:4      | Reached skill level 6 in Spellcasting
  7283 | D:4      | Reached skill level 1 in Shields
  7283 | D:4      | Reached XP level 8. HP: 42/42 MP: 10/19
  7609 | D:4      | Killed karlkraus's ghost
  7835 | D:5      | Reached skill level 7 in Spellcasting
  7898 | D:5      | Found a shattered altar of Ashenzari.
  8091 | D:5      | Reached skill level 5 in Conjurations
  8371 | D:5      | Noticed Prince Ribbit
  8387 | D:5      | Killed Prince Ribbit
  8387 | D:5      | Reached skill level 1 in Fighting
  8387 | D:5      | Reached skill level 1 in Short Blades
  8435 | D:5      | Found a staircase to the Ecumenical Temple.
  8527 | Temple   | Entered the Ecumenical Temple
  8535 | Temple   | Became a worshipper of Sif Muna the Loreminder
  8884 | D:6      | Reached skill level 8 in Spellcasting
  8996 | D:6      | Noticed Ajdolov's ghost (experienced FoAK)
  9185 | D:6      | Noticed Crazy Yiuf
  9198 | D:6      | Killed Crazy Yiuf
  9523 | D:6      | Reached XP level 9. HP: 47/47 MP: 15/23
  9570 | D:6      | Noticed Pikel
  9619 | D:6      | Learned a level 5 spell: Fireball
 10178 | D:7      | Acquired Sif Muna's first power
 10522 | D:7      | Reached skill level 9 in Spellcasting
 11083 | D:8      | Noticed karlkraus's ghost (experienced MiFi)
 11139 | D:8      | Learned a level 1 spell: Sting
 11143 | D:8      | Learned a level 3 spell: Mephitic Cloud
 11146 | D:8      | Learned a level 2 spell: Cure Poison
 11810 | D:9      | Reached skill level 1 in Poison Magic
 11811 | D:9      | Acquired Sif Muna's second power
 12020 | D:9      | Reached skill level 10 in Spellcasting
 12020 | D:9      | Reached XP level 10. HP: 34/52 MP: 9/26
 12513 | D:10     | Entered Level 10 of the Dungeon
 12565 | D:10     | Noticed Maurice
 12580 | D:10     | Paralysed by Maurice for 3 turns
 12585 | D:10     | Killed Maurice
 12585 | D:10     | Reached skill level 1 in Invocations
 12685 | D:10     | Found a staircase to the Lair.
 13339 | D:11     | Noticed a hill giant
 13496 | D:11     | Killed a hill giant
 13496 | D:11     | Acquired Sif Muna's third power
 13496 | D:11     | Reached skill level 11 in Spellcasting
 13667 | D:11     | Noticed a cyclops
 13693 | D:11     | Killed a cyclops
 13693 | D:11     | Reached XP level 11. HP: 54/57 MP: 17/28
 13991 | D:11     | Noticed a hill giant
 14020 | D:11     | Killed a hill giant
 14198 | D:11     | Reached skill level 5 in Stealth
 14366 | Lair:1   | Entered Level 1 of the Lair of Beasts
 14589 | Lair:1   | Reached skill level 5 in Poison Magic
 15530 | Lair:1   | Reached skill level 1 in Air Magic
 15533 | Lair:1   | Reached skill level 5 in Invocations
 15654 | Lair:1   | Noticed a seven-headed hydra
 15701 | Lair:2   | Found a labyrinth entrance.
 15712 | Lab      | Entered a labyrinth
 15921 | Lab      | Identified a +0 rod of clouds (9/9) (You found it on level 1 of the Lair of Beasts)
 15934 | Lab      | Noticed a minotaur
 15956 | Lab      | Killed a minotaur
 15956 | Lab      | Reached skill level 12 in Spellcasting
 16024 | Lab      | Identified Cail's Incunabulum of Transmigration
 16043 | Lab      | Learned a level 5 spell: Iskenderun's Battlesphere
 16069 | Lab      | Learned a level 3 spell: Dazzling Spray
 16159 | Lair:1   | Reached skill level 1 in Hexes
 16159 | Lair:1   | Reached skill level 1 in Charms
 16313 | Lair:1   | Reached skill level 10 in Fire Magic
 16361 | Lair:1   | Killed a seven-headed hydra
 16542 | Lair:2   | Received a gift from Sif Muna
 16543 | Lair:2   | Identified Upun's Almanac of Igneous Confrontation (Sif Muna gifted it to you on level 2 of the Lair of Beasts)
 16664 | Lair:2   | Reached XP level 12. HP: 62/62 MP: 3/30
 17099 | Lair:2   | Reached skill level 13 in Spellcasting
 17103 | Lair:2   | Reached skill level 5 in Charms
 17338 | Lair:2   | Reached skill level 10 in Conjurations
 17640 | Lair:2   | Reached skill level 5 in Hexes
 18070 | Lair:3   | Received a gift from Sif Muna
 18071 | Lair:3   | Identified Sif Muna's Compendium of Helpful Conjuration (Sif Muna gifted it to you on level 3 of the Lair of Beasts)
 18076 | Lair:3   | Learned a level 3 spell: Regeneration
 18087 | Lair:3   | Learned a level 4 spell: Iskenderun's Mystic Blast
 18107 | Lair:3   | Reached skill level 1 in Armour
 18205 | Lair:3   | Found a staircase to the Swamp.
 18294 | Lair:3   | Reached skill level 1 in Necromancy
 18831 | Lair:4   | Noticed a seven-headed hydra
 18836 | Lair:4   | Killed a seven-headed hydra
 18986 | Lair:4   | Reached XP level 13. HP: 66/66 MP: 20/32
 19011 | Lair:4   | Reached skill level 14 in Spellcasting
 19194 | Lair:4   | Found a staircase to the Snake Pit.
 19354 | Lair:4   | Noticed a six-headed hydra
 19358 | Lair:4   | Killed a six-headed hydra
 21315 | Lair:6   | Gained mutation: You are resistant to hostile enchantments. [potion of beneficial mutation]
 22054 | Lair:7   | Received a gift from Sif Muna
 22065 | Lair:7   | Identified Sif Muna's Grimoire of Blistering Attacks (Sif Muna gifted it to you on level 7 of the Lair of Beasts)
 22074 | Lair:7   | Learned a level 4 spell: Force Lance
 22409 | Lair:7   | Reached skill level 1 in Translocations
 22459 | Lair:7   | Reached skill level 15 in Spellcasting
 22859 | Lair:8   | Entered Level 8 of the Lair of Beasts
 23022 | Lair:8   | Found a dark tunnel.
 23035 | Volcano  | Entered a volcano
 23054 | Volcano  | Found a bloodstained altar of Trog.
 23593 | Lair:8   | Got a heavily runed pewter ring
 23595 | Lair:8   | Identified the ring of Autumn {rF+ rN++ Int+4 Stlth+} (You found it on level 8 of the Lair of Beasts)
 23610 | Lair:8   | Reached XP level 14. HP: 72/72 MP: 17/35
 23619 | Lair:8   | Received a gift from Sif Muna
 23621 | Lair:8   | Identified Sif Muna's Volume of Assistive Curses (Sif Muna gifted it to you on level 8 of the Lair of Beasts)
 23764 | Lair:8   | Found a burning altar of Makhleb.
 24177 | Lair:8   | Found a viscous altar of Jiyva.
 24178 | Lair:8   | Found a staircase to the Slime Pits.
 24474 | Lair:8   | Found a gateway to Hell.
 24496 | Lair:8   | Reached skill level 5 in Necromancy
 25215 | D:10     | Noticed a hell knight
 25284 | D:10     | Noticed a hill giant
 25291 | D:10     | Killed a hill giant
 25461 | D:10     | Found a staircase to the Orcish Mines.
 25478 | Orc:1    | Entered Level 1 of the Orcish Mines
 25751 | Orc:1    | Found Sillim's Gadget Boutique.
 26395 | Orc:1    | Reached skill level 16 in Spellcasting
 27776 | Orc:4    | Entered Level 4 of the Orcish Mines
 27781 | Orc:4    | Found a roughly hewn altar of Beogh.
 27914 | Orc:4    | Noticed an orc warlord
 27921 | Orc:4    | Killed an orc warlord
 28147 | Orc:4    | Found a staircase to the Elven Halls.
 28326 | Orc:4    | Received a gift from Sif Muna
 28327 | Orc:4    | Identified Sif Muna's Compendium of Unstable Boosts (Sif Muna gifted it to you on level 4 of the Orcish Mines)
 28330 | Orc:4    | Noticed Nergalle
 28437 | Orc:4    | Killed Nergalle
 28470 | Orc:4    | Found a roughly hewn altar of Beogh.
 28522 | Orc:4    | Noticed Urug
 28525 | Orc:4    | Killed Urug
 28566 | Orc:4    | Found Yleramam's Antique Armour Emporium.
 28573 | Orc:4    | Found Uliw's General Store.
 28581 | Orc:4    | Found Hestrihe's Antique Weapon Emporium.
 28830 | Orc:4    | Found Suap Daa's Jewellery Emporium.
 28836 | Orc:4    | Bought an uncursed ring of poison resistance for 340 gold pieces
 28836 | Orc:4    | Bought the amulet of Suicidal Tendencies {Clar rN+ Dex+2 SInv} for 673 gold pieces
 28866 | Orc:4    | Bought a faintly glowing robe for 159 gold pieces
 28866 | Orc:4    | Bought a runed cloak for 126 gold pieces
 28866 | Orc:4    | Bought a garnet-studded ring mail for 252 gold pieces
 28876 | Orc:4    | Identified the +1 robe of the King {+Fly rN+ Str+4} (You bought it in a shop on level 4 of the Orcish Mines)
 28910 | Orc:4    | Identified the +1 ring mail "Uckan" {Dex+3} (You bought it in a shop on level 4 of the Orcish Mines)
 29263 | D:10     | Noticed an unseen horror
 29266 | D:10     | Killed an unseen horror
 29369 | Swamp:1  | Entered Level 1 of the Swamp
 29512 | Swamp:1  | Reached skill level 10 in Charms
 29586 | Swamp:1  | Reached skill level 5 in Translocations
 30006 | Swamp:1  | Reached XP level 15. HP: 76/76 MP: 14/37
 30317 | Swamp:1  | Reached skill level 17 in Spellcasting
 30482 | Swamp:1  | Learned a level 2 spell: Shroud of Golubria
 30868 | Lair:6   | Learned a level 1 spell: Magic Dart
 31236 | Swamp:2  | Noticed a thorn hunter
 31242 | Swamp:2  | Killed a thorn hunter
 31786 | Swamp:2  | Found a deep blue altar of Sif Muna.
 32272 | Swamp:3  | Received a gift from Sif Muna
 32273 | Swamp:3  | Identified Sif Muna's Advanced Guide to Theurgy (Sif Muna gifted it to you on level 3 of the Swamp)
 32281 | Swamp:3  | Learned a level 6 spell: Deflect Missiles
 33755 | Swamp:4  | Entered Level 4 of the Swamp
 33783 | Swamp:3  | HP: 1/76 [shambling mangrove (30)]
 33988 | Swamp:4  | Noticed Aizul
 33993 | Swamp:4  | Killed Aizul
 34652 | Swamp:4  | Received a gift from Sif Muna
 34654 | Swamp:4  | Reached XP level 16. HP: 73/81 MP: 3/39
 34661 | Swamp:4  | Noticed a thorn hunter
 34833 | Swamp:4  | Noticed the 27-headed Lernaean hydra
 34840 | Swamp:4  | Noticed a thorn hunter
 34847 | Swamp:4  | Killed a thorn hunter
 35122 | Swamp:4  | Identified Sif Muna's Collected Works on the Harmful Birds (Sif Muna gifted it to you on level 4 of the Swamp)
 35126 | Swamp:4  | Learned a level 2 spell: Swiftness
 35263 | Swamp:4  | Got a decaying rune of Zot
 35540 | Swamp:4  | Reached skill level 18 in Spellcasting
 35540 | Swamp:4  | Reached skill level 10 in Translocations
 35879 | Snake:1  | Entered Level 1 of the Snake Pit
 37832 | Snake:2  | Noticed Agnes
 37833 | Snake:2  | Received a gift from Sif Muna
 37840 | Snake:1  | Killed Agnes
 39673 | Snake:2  | Reached XP level 17. HP: 82/85 MP: 9/41
 40128 | Snake:3  | Reached skill level 19 in Spellcasting
 40339 | Snake:3  | Received a gift from Sif Muna
 40371 | Snake:3  | Upgraded the game from 0.17-a0-1674-g2b13139 to 0.17-a0-1685-g57e755e
 40954 | Snake:3  | Identified Sif Muna's Grimoire of Confrontation and Hexes (Sif Muna gifted it to you on level 3 of the Snake Pit)
 40978 | Snake:3  | Learned a level 1 spell: Animate Skeleton
 41392 | Snake:3  | Found an ancient bone altar of Kikubaaqudgha.
 41583 | Snake:4  | Entered Level 4 of the Snake Pit
 41619 | Snake:4  | Noticed Jorgrun
 41650 | Snake:4  | Found an ancient bone altar of Kikubaaqudgha.
 42378 | Snake:4  | Received a gift from Sif Muna
 42379 | Snake:4  | Identified Cuckamiu's Almanac of Attacks and Necromancy (Sif Muna gifted it to you on level 4 of the Snake Pit)
 42386 | Snake:4  | Learned a level 5 spell: Bolt of Draining
 42504 | Snake:4  | Killed Jorgrun
 42570 | Snake:4  | Found Wisuw's Gadget Emporium.
 42573 | Snake:4  | Bought a wand of draining (6) for 190 gold pieces
 42695 | Snake:4  | Your ally Jorgrun died
 42718 | Snake:4  | Reached skill level 15 in Fire Magic
 43105 | Snake:4  | Reached skill level 1 in Evocations
 43471 | Snake:4  | Reached skill level 20 in Spellcasting
 43565 | Snake:4  | Reached XP level 18. HP: 91/91 MP: 13/44
 43724 | Snake:3  | Received a gift from Sif Muna
 43725 | Snake:3  | Identified Byemm's Almanac of Confrontation (Sif Muna gifted it to you on level 3 of the Snake Pit)
 44202 | Snake:4  | Got a serpentine rune of Zot
 44768 | Snake:4  | Found Dennis's Book Shop.
 45113 | Elf:1    | Entered Level 1 of the Elven Halls
 45898 | Elf:1    | Identified a scroll of acquirement
 45899 | Elf:1    | Got a polished hat
 45910 | Elf:1    | Identified the +0 hat of Yjure {rPois rN+ Str+5 Stlth-} (You acquired it on level 1 of the Elven Halls)
 46212 | Elf:1    | Identified Zymaj's Volume of Hexes
 46276 | Elf:2    | Received a gift from Sif Muna
 46489 | Elf:2    | Gained mutation: Your muscles are strong. (Str +2) [potion of mutation]
 46489 | Elf:2    | Gained mutation: You are partially covered in icy blue scales (AC +1). [potion of mutation]
 46690 | Elf:2    | Found a runed gate.
 46690 | Elf:2    | Found a runed gate.
 46692 | Elf:2    | Found a runed gate.
 46962 | Elf:2    | Reached skill level 15 in Conjurations
 47000 | Elf:2    | Reached skill level 21 in Spellcasting
 47627 | Elf:3    | Entered Level 3 of the Elven Halls
 47729 | Elf:3    | Received a gift from Sif Muna
 47729 | Elf:3    | Reached XP level 19. HP: 95/95 MP: 7/46
 47885 | Elf:3    | Identified Sif Muna's Incunabulum of Helpful Stolen Souls (Sif Muna gifted it to you on level 3 of the Elven Halls)
 48196 | Elf:3    | Got a distressingly furry leather armour
 48226 | Elf:2    | Identified the +2 leather armour "Xosme Vecim" {*Confuse rCorr Int+5} (You took it off a deep elf sorcerer on level 3 of the Elven Halls)
 49116 | Elf:3    | Got an ancient hunting sling
 49117 | Elf:3    | Identified the cursed +1 hunting sling of Rotation {freeze, +Blink rElec MP+9 Int-3} (You took it off a deep elf priest on level 3 of the Elven Halls)
 49139 | Elf:3    | Identified a +3 rod of ignition (13/13) (You took it off a deep elf death mage on level 3 of the Elven Halls)
 49215 | Elf:3    | Learned a level 5 spell: Bolt of Magma
 49270 | Elf:3    | Got a bloodstained long sword
 49271 | Elf:3    | Identified the +10 long sword of Fesiupn {slice, Int+2} (You took it off a deep elf demonologist on level 3 of the Elven Halls)
 49726 | Orc:4    | Bought a glowing leather armour for 56 gold pieces
 50236 | D:12     | Received a gift from Sif Muna
 50240 | D:12     | Identified Sif Muna's Disquisition on Enchanting Blows and Bruises (Sif Muna gifted it to you on level 12 of the Dungeon)
 50409 | D:12     | Learned a level 1 spell: Apportation
 51000 | D:13     | Noticed Josephine
 51031 | D:13     | Killed Josephine
 51142 | D:13     | Found a frozen archway.
 51184 | IceCv    | Entered an ice cave
 51326 | IceCv    | Found an ancient bone altar of Kikubaaqudgha.
 51346 | IceCv    | Reached skill level 22 in Spellcasting
 52228 | D:13     | Your ally Josephine died
 52564 | D:13     | Noticed Erolcha
 52567 | D:13     | Killed Erolcha
 52611 | D:13     | Noticed Nessos
 52612 | D:13     | Killed Nessos
 52909 | D:13     | Reached skill level 10 in Stealth
 53378 | D:13     | Got a translucent long sword
 53379 | D:13     | Identified the cursed +1 long sword of Action {venom, rF+ rN+ Int-3} (You found it on level 13 of the Dungeon)
 53639 | D:13     | Learned a level 7 spell: Controlled Blink
 54692 | D:14     | Found a gate to the Vaults.
 55308 | D:14     | Reached XP level 20. HP: 100/100 MP: 30/48
 55368 | Vaults:1 | Entered Level 1 of the Vaults
 55467 | Vaults:1 | Noticed Asterion
 55492 | Vaults:1 | Killed Asterion
 55640 | Vaults:1 | Your ally Asterion died
 55647 | Vaults:1 | Received a gift from Sif Muna
 55667 | Vaults:1 | Identified Sif Muna's Incunabulum of Hexes (Sif Muna gifted it to you on level 1 of the Vaults)
 55674 | Vaults:1 | Learned a level 4 spell: Cause Fear
 56765 | Vaults:1 | Noticed Norris
 56779 | Vaults:1 | Killed Norris
 58619 | Vaults:2 | Reached skill level 23 in Spellcasting
 58639 | Vaults:2 | Found a staircase to the Crypt.
 59490 | Vaults:3 | Reached skill level 10 in Necromancy
 59544 | Vaults:3 | Received a gift from Sif Muna
 59556 | Vaults:3 | Reached skill level 10 in Invocations
 59855 | Vaults:3 | Reached XP level 21. HP: 104/104 MP: 34/50
 61258 | Vaults:3 | Received a gift from Sif Muna
 61264 | Vaults:3 | Identified Sif Muna's Tome of Darkness (Sif Muna gifted it to you on level 3 of the Vaults)
 61270 | Vaults:3 | Learned a level 4 spell: Control Undead
 61835 | Vaults:4 | Reached skill level 24 in Spellcasting
 62255 | Vaults:4 | Identified a +2 pair of boots of running (You found it on level 4 of the Vaults)
 62380 | Vaults:4 | Received a gift from Sif Muna
 62381 | Vaults:4 | Identified Sif Muna's Tome of Greatest Risks and Utility (Sif Muna gifted it to you on level 4 of the Vaults)
 63243 | Crypt:1  | Entered Level 1 of the Crypt
 63978 | D:15     | Entered Level 15 of the Dungeon
 64091 | D:15     | Found a flickering gateway to a bazaar.
 64114 | Bazaar   | Entered a bazaar
 64133 | Bazaar   | Found Tuasmu Dee's Weapon Emporium.
 64144 | Bazaar   | Found Hyuwnit's Assorted Antiques.
 64189 | Bazaar   | Found Roiq's Jewellery Shoppe.
 64231 | Bazaar   | Found Velac's Distillery.
 64270 | Bazaar   | Found Moef's Distillery.
 64275 | Bazaar   | Bought 2 potions of mutation for 45 gold pieces
 64275 | Bazaar   | Bought a potion of beneficial mutation for 315 gold pieces
 64275 | Bazaar   | Gained mutation: Your muscles are very strong. (Str +4) [potion of beneficial mutation]
 64311 | Bazaar   | Bought the amulet of Vitality {Regen+ HP+15} for 259 gold pieces
 64483 | D:15     | Noticed stickyfingers's ghost (mighty NaAs)
 64494 | D:15     | Killed stickyfingers's ghost
 65494 | D:10     | Reached XP level 22. HP: 100/109 MP: 48/52
 66019 | Crypt:1  | Reached skill level 10 in Dodging
 66377 | Crypt:1  | Received a gift from Sif Muna
 66378 | Crypt:1  | Identified Sif Muna's Papyrus of Necromancy (Sif Muna gifted it to you on level 1 of the Crypt)
 66433 | Vaults:2 | Learned a level 5 spell: Dispel Undead
 66597 | D:15     | Got an ancient whip
 66598 | D:15     | Identified the +4 whip of Vacas {antimagic, *Corrode +Inv rPois Str+7} (You found it on level 15 of the Dungeon)
 66615 | D:15     | Got a slimy flail
 66619 | D:15     | Identified the +8 flail of Fortitude {flame, rPois Dex+5} (You found it on level 15 of the Dungeon)
 67272 | D:15     | Found a staircase to the Depths.
 67516 | Depths:1 | Entered Level 1 of the Depths
 67967 | Crypt:1  | Reached skill level 25 in Spellcasting
 68417 | Crypt:1  | Found a basalt altar of Yredelemnul.
 69786 | Crypt:2  | Upgraded the game from 0.17-a0-1685-g57e755e to 0.17-a0-1691-g18a3847
 70160 | Crypt:2  | Received a gift from Sif Muna
 70161 | Crypt:2  | Identified Sif Muna's Guide on Sinister Magic (Sif Muna gifted it to you on level 2 of the Crypt)
 70575 | Crypt:2  | Got a transparent ring mail
 70576 | Crypt:2  | Identified the +2 ring mail of the Ban {Int+2} (You found it on level 2 of the Crypt)
 71462 | Depths:1 | Reached skill level 26 in Spellcasting
 71751 | Depths:1 | Reached XP level 23. HP: 113/113 MP: 20/55
 71756 | Depths:1 | Received a gift from Sif Muna
 71801 | Depths:1 | Identified Sif Muna's Grimoire of Dark Rites and Shape Shifting (Sif Muna gifted it to you on level 1 of the Depths)
 72110 | Crypt:3  | Entered Level 3 of the Crypt
 74040 | Crypt:3  | Found a staircase to the Tomb.
 74181 | Crypt:3  | Reached skill level 15 in Charms
 74182 | Crypt:3  | Reached skill level 1 in Earth Magic
 74318 | Crypt:3  | Found an ancient bone altar of Kikubaaqudgha.
 74853 | Crypt:3  | Identified the Tome of the Snowflakes
 75039 | Crypt:3  | Got a bound turquoise ring
 75039 | Crypt:3  | Got a scintillating amber ring
 75039 | Crypt:3  | Got a translucent iron ring
 75040 | Crypt:3  | Identified the ring of the Stag {rPois rN+ Str-5 Dex+5} (You found it on level 3 of the Crypt)
 75041 | Crypt:3  | Identified the ring of Paq Sawn {rN+ Str+2 Slay+3 Stlth+} (You took it off a mummy priest on level 3 of the Crypt)
 75042 | Crypt:3  | Identified the ring "Moits" {rF- rC+++ rN+ Str+2 Dex+4} (You found it on level 3 of the Crypt)
 75868 | Crypt:3  | Received a gift from Sif Muna
 75871 | Crypt:3  | Identified Sif Muna's Volume of Unholy Magic (Sif Muna gifted it to you on level 3 of the Crypt)
 75879 | Crypt:3  | Noticed an ancient lich
 75881 | Crypt:3  | Killed an ancient lich
 75889 | Crypt:3  | Got a jewelled shortbow
 75890 | Crypt:3  | Identified the +7 shortbow of the Realms {velocity, rPois rN+++ MR- Str+2} (You found it on level 3 of the Crypt)
 77160 | Vaults:1 | Reached skill level 27 in Spellcasting
 77923 | Depths:1 | Reached skill level 15 in Necromancy
 78617 | Depths:2 | Received a gift from Sif Muna
 78619 | Depths:2 | Identified Sif Muna's Volume of Dark Secrets (Sif Muna gifted it to you on level 2 of the Depths)
 78642 | Depths:2 | Found Okkaeb's Assorted Antiques.
 78709 | Depths:2 | Bought a scorched crystal amulet for 140 gold pieces
 78711 | Depths:2 | Identified the amulet of Nydul {Clar rElec rC- SInv} (You bought it in a shop on level 2 of the Depths)
 78785 | Depths:2 | Identified Cigotuvi's Volume of Dark Rites
 78791 | Depths:2 | Learned a level 4 spell: Animate Dead
 78815 | Depths:2 | Bought a runed leather armour for 56 gold pieces
 79211 | Depths:2 | Found a glowing golden altar of the Shining One.
 79420 | Depths:3 | Reached XP level 24. HP: 120/120 MP: 40/56
 79937 | Depths:3 | Reached skill level 15 in Translocations
 79945 | Depths:3 | Received a gift from Sif Muna
 79986 | Depths:3 | Identified Sif Muna's Reference Book on the Escort (Sif Muna gifted it to you on level 3 of the Depths)
 80492 | Depths:3 | Found a one-way gate leading to the halls of Pandemonium.
 82518 | Depths:4 | Found a gateway to a ziggurat.
 82528 | Depths:4 | Received a gift from Sif Muna
 82531 | Depths:4 | Identified Qidiging's Catalogue of Lethal Feathers (Sif Muna gifted it to you on level 4 of the Depths)
 82575 | Depths:4 | Found a runed gate.
 82577 | Depths:4 | Found a runed gate.
 82593 | Depths:4 | Got a translucent hand crossbow
 82594 | Depths:4 | Identified the +5 hand crossbow "Tiaqoeli" {elec, Dex+5} (You found it on level 4 of the Depths)
 82980 | Depths:4 | Found a one-way gate to the infinite horrors of the Abyss.
 83022 | Depths:4 | Found a runed gate.
 84172 | Depths:5 | Entered Level 5 of the Depths
 84329 | Depths:5 | Found a portal to a secret trove of treasure.
 84764 | Depths:5 | You paid a toll of a +8 demon blade to enter a treasure trove
 84765 | Trove    | Entered a treasure trove
 84770 | Trove    | Got a steaming cloak
 84777 | Trove    | Got an ancient hat
 84784 | Trove    | Got a fine cloak
 84788 | Trove    | Got an ancient hat
 84797 | Trove    | Got a bloodstained ring mail
 84799 | Trove    | Got a transparent hat
 84812 | Trove    | Identified the +3 cloak "Fuenuwn" {MP+9} (You found it in a treasure trove)
 84832 | Trove    | Identified the +2 hat of the Blind Marksman {MR- Dex+5 Stlth+} (You found it in a treasure trove)
 84873 | Trove    | Identified the +0 hat of Honour {Int+5 Dex-4} (You found it in a treasure trove)
 84883 | Trove    | Identified the -1 cloak "Viruawatai" {rC+++ rN+ Str-4 Dex+2} (You found it in a treasure trove)
 84903 | Trove    | Identified the +3 ring mail "Erphext" {rN++ Stlth+} (You found it in a treasure trove)
 84913 | Trove    | Identified the +0 hat of the Failed Coup {MR++ Int-3 Dex+2} (You found it in a treasure trove)
 84931 | Trove    | Got a bloodstained chain mail
 84942 | Trove    | Identified the +5 chain mail of Rimu Wut {Int+2} (You found it in a treasure trove)
 86234 | Depths:4 | Reached XP level 25. HP: 113/124 MP: 43/56
 86394 | Depths:4 | Identified the Catalogue of Igneous Confrontation
 86403 | Depths:4 | Learned a level 7 spell: Delayed Fireball
 86406 | Depths:4 | Got a jewelled demon blade
 86407 | Depths:4 | Identified the +8 demon blade of Patience {flame, *Contam rC+++ Int+5} (You found it on level 4 of the Depths)
 86423 | Depths:4 | Got a fine glass ring
 86424 | Depths:4 | Identified the ring "Ofah" {*Corrode rElec rC+ MR++ Str+2} (You found it on level 4 of the Depths)
 86450 | Depths:4 | Got a bloodstained shortbow
 86451 | Depths:4 | Identified the +8 shortbow of Ciann {freeze, Int+8} (You found it on level 4 of the Depths)
 86507 | Depths:4 | Upgraded the game from 0.17-a0-1691-g18a3847 to 0.17-a0-1701-gf693a3f
 86755 | Depths:5 | Gained mutation: You are agile. (Dex +2) [potion of beneficial mutation]
 86831 | Depths:5 | Received a gift from Sif Muna
 87620 | Depths:5 | Found a gate to the Realm of Zot.
 87707 | Depths:5 | Noticed Margery
 87727 | Depths:5 | Killed Margery
 88211 | Depths:5 | Reached skill level 5 in Air Magic
 88650 | Vaults:1 | Learned a level 4 spell: Cause Fear
 88836 | Vaults:5 | Entered Level 5 of the Vaults
 88858 | Vaults:4 | Received a gift from Sif Muna
 88870 | Vaults:4 | Learned a level 5 spell: Phase Shift
 89771 | Vaults:4 | Reached skill level 5 in Shields
 90540 | Vaults:5 | Noticed an ancient lich
 90581 | Vaults:4 | Received a gift from Sif Muna
 90582 | Vaults:4 | Identified Sif Muna's Guide on Scorching Battle Magic (Sif Muna gifted it to you on level 4 of the Vaults)
 90959 | Crypt:3  | Learned a level 5 spell: Dispel Undead
 91197 | Vaults:4 | Killed an ancient lich
 91360 | Vaults:5 | Reached XP level 26. HP: 129/129 MP: 50/56
 91379 | Vaults:5 | Got a translucent dagger
 91380 | Vaults:5 | Identified the +5 dagger "Qiekouta" {antimagic, rElec rC+ Str+2 Dex+3} (You took it off an ironheart preserver on level 5 of the Vaults)
 91993 | Vaults:5 | Noticed Jory
 92004 | Vaults:5 | Killed Jory
 92063 | Vaults:4 | Received a gift from Sif Muna
 93005 | Vaults:5 | Got a pitted dagger
 93006 | Vaults:5 | Identified the +2 dagger "Saower" {pierce, *Rage rElec Str+3} (You found it on level 5 of the Vaults)
 93280 | Vaults:5 | Received a gift from Sif Muna
 93282 | Vaults:5 | Identified Sif Muna's Volume of Assistive Necromancy (Sif Muna gifted it to you on level 5 of the Vaults)
 93337 | Vaults:5 | Got a pitted silver amulet
 93338 | Vaults:5 | Identified the amulet "Gougu" {Ward rN+ MP+9 Str+2} (You took it off a yaktaur captain on level 5 of the Vaults)
 93515 | Vaults:5 | Got a silver rune of Zot
 93985 | Vaults:5 | Identified Borgnjor's Catalogue of Sinister Rites
 93990 | Vaults:5 | Identified the Collected Works on Combat Magic
 94105 | Vaults:5 | Got a jewelled leather armour
 94116 | Vaults:5 | Identified the +2 leather armour "Bujoas" {rC+ rCorr Dex+4} (You found it on level 5 of the Vaults)
 94747 | Lair:3   | Got a bloodstained scale mail
 94758 | Lair:3   | Identified the +6 scale mail "Towkot" {rElec MR+ Int+3} (You acquired it on level 3 of the Lair of Beasts)
 95216 | Tomb:1   | Entered Level 1 of the Tomb of the Ancients
 95381 | Tomb:1   | Upgraded the game from 0.17-a0-1701-gf693a3f to 0.17-a0-1714-g35622ae
 97795 | Tomb:1   | Lost mutation: You are resistant to hostile enchantments. [mutagenic glow]
 97851 | Tomb:1   | Gained mutation: Your spells are a little easier to cast, but a little less powerful. [mutagenic glow]
 97852 | Tomb:1   | Lost mutation: Your muscles are very strong. (Str +4) [potion of cure mutation]
 97852 | Tomb:1   | Lost mutation: You are partially covered in icy blue scales (AC +1). [potion of cure mutation]
 97852 | Tomb:1   | Lost mutation: You are agile. (Dex +2) [potion of cure mutation]
 97852 | Tomb:1   | Lost mutation: Your spells are a little easier to cast, but a little less powerful. [potion of cure mutation]
 97852 | Tomb:1   | Lost mutation: Your muscles are strong. (Str +2) [potion of cure mutation]
 98309 | D:15     | Gained mutation: You have large cloven feet. [potion of mutation]
 98309 | D:15     | Gained mutation: Your body sometimes deteriorates upon taking damage. [potion of mutation]
 98309 | D:15     | Gained mutation: Your spells are a little harder to cast, but a little more powerful. [potion of mutation]
 98310 | D:15     | Gained mutation: You are partially covered in slimy green scales (AC +2). [potion of mutation]
 98310 | D:15     | Lost mutation: Your spells are a little harder to cast, but a little more powerful. [potion of mutation]
 98310 | D:15     | Gained mutation: You passively map a small area around you. [potion of mutation]
 98423 | Depths:1 | Lost mutation: You passively map a small area around you. [potion of mutation]
 98423 | Depths:1 | Gained mutation: Your flesh is heat resistant. [potion of mutation]
 98423 | Depths:1 | Gained mutation: Your body often deteriorates upon taking damage. [potion of mutation]
 98424 | Depths:1 | Lost mutation: Your body often deteriorates upon taking damage. [potion of cure mutation]
 98424 | Depths:1 | Lost mutation: Your body sometimes deteriorates upon taking damage. [potion of cure mutation]
 98424 | Depths:1 | Lost mutation: You have large cloven feet. [potion of cure mutation]
 98424 | Depths:1 | Lost mutation: Your flesh is heat resistant. [potion of cure mutation]
 98424 | Depths:1 | Lost mutation: You are partially covered in slimy green scales (AC +2). [potion of cure mutation]
 98783 | Vaults:5 | Gained mutation: You have a pair of small horns on your head. [potion of mutation]
 98783 | Vaults:5 | Gained mutation: You are covered in fur (AC +1). [potion of mutation]
 98783 | Vaults:5 | Gained mutation: You have a pair of horns on your head. [potion of mutation]
 99843 | Vaults:1 | Reached skill level 5 in Armour
 99964 | D:14     | Received a gift from Sif Muna
 99965 | D:14     | Identified Sif Muna's Guide on Transmutation (Sif Muna gifted it to you on level 14 of the Dungeon)
100071 | D:13     | Learned a level 2 spell: Blink
100304 | Depths:5 | Upgraded the game from 0.17-a0-1714-g35622ae to 0.17-a0-1718-g72dbe4d
101488 | Zot:1    | Entered Level 1 of the Realm of Zot
101804 | Depths:5 | Reached XP level 27. HP: 136/136 MP: 40/56
102078 | D:13     | Learned a level 6 spell: Dispersal
102438 | Depths:5 | Reached skill level 15 in Stealth
104391 | Zot:1    | Gained mutation: You evolve. [mutagenic meat]
107148 | Zot:2    | Received a gift from Sif Muna
107151 | Zot:2    | Identified Sif Muna's Catalogue of Creative Battle Magic (Sif Muna gifted it to you on level 2 of the Realm of Zot)
108042 | Zot:3    | Got an ichor-stained whip
108043 | Zot:3    | Identified the +2 whip "Undertaker" {slash, Stlth+} (You found it on level 3 of the Realm of Zot)
108448 | Zot:3    | Got a spiked hat
108459 | Zot:3    | Identified the +4 hat of Yfahorph {+Blink Stlth+} (You acquired it on level 3 of the Realm of Zot)
109240 | Zot:3    | Received a gift from Sif Muna
109755 | Zot:3    | Got a twisted leather armour
109756 | Zot:3    | Identified the cursed +1 leather armour of Beppeme {rPois Str+4 Int-2} (You found it on level 3 of the Realm of Zot)
110153 | Zot:4    | Gained mutation: Your spells are a little harder to cast, but a little more powerful. [evolution]
110533 | Zot:4    | Reached skill level 5 in Short Blades
110640 | Zot:4    | Reached skill level 15 in Dodging
112325 | Tomb:1   | Received a gift from Sif Muna
112326 | Tomb:1   | Identified Sif Muna's Reference Book on Unholy Arts (Sif Muna gifted it to you on level 1 of the Tomb of the Ancients)
113462 | Tomb:2   | Got a warped shortbow
113463 | Tomb:2   | Identified the +8 shortbow "Miosh" {flame, rPois rC++ Str+4 Dex+4} (You took it off a guardian mummy on level 2 of the Tomb of the Ancients)
114600 | Tomb:1   | Got an ichor-stained shield
114601 | Tomb:1   | Identified the +5 shield "Naom" {rC+ Str+2 SInv} (You took it off a greater mummy on level 1 of the Tomb of the Ancients)
115118 | Tomb:1   | Received a gift from Sif Muna
116976 | Tomb:3   | Entered Level 3 of the Tomb of the Ancients
117009 | Tomb:3   | Reached skill level 27 in Conjurations
117431 | Tomb:2   | Received a gift from Sif Muna
117445 | Tomb:2   | Identified Sif Muna's Tome of the Spatial Entourage (Sif Muna gifted it to you on level 2 of the Tomb of the Ancients)
120438 | Tomb:3   | Got a pitted brass amulet
120483 | Tomb:3   | Identified Coehoz's Tome of Unstable Changing
120495 | Tomb:3   | Identified the Incunabulum of Ice
120498 | Tomb:3   | Got an ebony mace
120499 | Tomb:3   | Identified the amulet "Ugoar" {Stasis Int+4 Slay+3} (You found it on level 3 of the Tomb of the Ancients)
120501 | Tomb:3   | Identified the +4 mace of the Thing {pain, rC+ rN+ MR++ Int-5} (You found it on level 3 of the Tomb of the Ancients)
120539 | Tomb:3   | Noticed Khufu
120546 | Tomb:3   | Killed Khufu
121854 | Tomb:3   | Got a jet-studded leather armour
121871 | Tomb:3   | Identified the cursed +0 leather armour of Indomitability {Dex+4} (You found it on level 3 of the Tomb of the Ancients)
122025 | Tomb:3   | Received a gift from Sif Muna
122026 | Tomb:3   | Identified Sif Muna's Incunabulum of the Dislocated Escort (Sif Muna gifted it to you on level 3 of the Tomb of the Ancients)
122778 | Tomb:3   | Got a golden rune of Zot
123855 | Temple   | Fell from the grace of Sif Muna
123856 | Temple   | Became a worshipper of Zin the Law-Giver
123856 | Temple   | Acquired Zin's first power
123856 | Temple   | Acquired Zin's second power
123857 | Temple   | Donated 4324 gold pieces to Zin
123885 | D:5      | Acquired Zin's third power
123937 | D:5      | Killed emiel's ghost
124115 | D:5      | Acquired Zin's fourth power
124129 | D:5      | Found a shattered altar of Ashenzari.
124252 | D:5      | Found Someuriw's Weapon Shoppe.
124405 | D:5      | Found a staircase to the Ecumenical Temple.
124554 | D:6      | Killed Pikel
124986 | Lair:2   | Learned a level 5 spell: Bolt of Magma
125194 | Lair:8   | Learned a level 2 spell: Throw Flame
125201 | Lair:8   | Learned a level 6 spell: Bolt of Fire
125805 | Vaults:5 | Learned a level 6 spell: Bolt of Cold
127093 | Slime:1  | Entered Level 1 of the Pits of Slime
127899 | D:13     | Gained mutation: Scrolls take you a little longer to read. [mutagenic glow]
128388 | Slime:2  | Reached skill level 1 in Ice Magic
129310 | Vaults:3 | Learned a level 3 spell: Ozocubu's Armour
130865 | Slime:6  | Entered Level 6 of the Pits of Slime
131467 | Slime:6  | Reached skill level 5 in Ice Magic
131703 | Slime:6  | Noticed the royal jelly
132055 | D:10     | Reached skill level 5 in Fighting
132372 | Depths:4 | Voluntarily entered the Abyss.
132381 | Abyss:1  | Found a corrupted altar of Lugonu.
132828 | Abyss:1  | Found a corrupted altar of Lugonu.
132867 | Abyss:1  | Paralysed by miscasting Ozocubu's Armour for 2 turns
132905 | Abyss:1  | Found a corrupted altar of Lugonu.
133597 | Depths:4 | Escaped the Abyss
133666 | Depths:4 | Voluntarily entered the Abyss.
133749 | Abyss:1  | Found a corrupted altar of Lugonu.
133991 | Depths:4 | Escaped the Abyss
134084 | Depths:4 | Voluntarily entered the Abyss.
134757 | Depths:4 | Escaped the Abyss
134781 | Depths:4 | Voluntarily entered the Abyss.
134838 | Depths:4 | Escaped the Abyss
134843 | Depths:4 | Voluntarily entered the Abyss.
134856 | Abyss:1  | Found a corrupted altar of Lugonu.
134882 | Abyss:1  | Got a smoking ring mail
134891 | Abyss:1  | Identified the +0 ring mail of Qafeas {Str+3 Int+3} (You found it on level 1 of the Abyss)
134958 | Abyss:1  | Found a corrupted altar of Lugonu.
135401 | Abyss:2  | Paralysed by accursed screaming for 1 turns
135421 | Abyss:2  | Paralysed by accursed screaming for 1 turns
135975 | Abyss:4  | Found an opulent altar of Gozag.
136173 | Abyss:4  | Found an iron altar of Okawaru.
136848 | Abyss:4  | Got an abyssal rune of Zot
136977 | Depths:4 | Escaped the Abyss
137099 | Hell     | Entered the Vestibule of Hell
137099 | Hell     | Noticed Geryon
137106 | Hell     | Noticed Murray
137471 | D:8      | Killed karlkraus's ghost
137536 | D:8      | Found a white marble altar of Elyvilon.
138164 | Slime:4  | Noticed Dissolution
138925 | Slime:6  | Killed the royal jelly
139517 | Slime:6  | Got an ancient pewter ring
139520 | Slime:6  | Identified the ring "Qenytemo" {rPois rC- EV+3 Int+2} (You found it on level 6 of the Pits of Slime)
139523 | Slime:6  | Identified the Volume of the Puffball (You found it on level 6 of the Pits of Slime)
139525 | Slime:6  | Got a slimy rune of Zot
140123 | Lair:8   | Killed Murray
140477 | Hell     | Killed Geryon
141357 | Hell     | Found a gateway to the decaying netherworld of Tartarus.
141428 | Hell     | Found a gateway to the ashen valley of Gehenna.
142288 | Hell     | Found a gateway to the freezing wastes of Cocytus.
142390 | Hell     | Found a gateway to the Iron City of Dis.
142508 | Dis:1    | Entered Level 1 of the Iron City of Dis
142872 | Dis:4    | Reached skill level 10 in Ice Magic
143553 | Dis:7    | Entered Level 7 of the Iron City of Dis
143674 | Dis:7    | Noticed Ajdolov's ghost (legendary MiBe)
144281 | Dis:3    | Was forgiven by Sif Muna
144753 | Dis:5    | Lost mutation: Scrolls take you a little longer to read. [evolution]
145400 | Zot:5    | Entered Level 5 of the Realm of Zot
147662 | Zot:5    | Noticed an ancient lich
147745 | Zot:5    | Killed an ancient lich
147937 | Zot:5    | Noticed an ancient lich
148043 | Zot:5    | Killed an ancient lich
148136 | Zot:5    | Noticed an ancient lich
148140 | Zot:5    | Killed an ancient lich
148223 | Zot:5    | Noticed an orb of fire
148413 | Zot:5    | Killed an orb of fire
148635 | Zot:5    | Noticed an orb of fire
149012 | Zot:5    | Noticed an orb of fire
149573 | Zot:5    | Killed an orb of fire
150969 | Orc:4    | Bought an uncursed ring of sustain attributes for 297 gold pieces
154503 | Pan      | Entered Pandemonium
154524 | Pan      | Reached skill level 10 in Shields
154749 | Pan      | Noticed Mennas
154786 | Pan      | Found a runed door.
154792 | Pan      | Killed Mennas
154793 | Pan      | Found a runed door.
154911 | Pan      | Found a runed door.
154929 | Pan      | Found a runed door.
154970 | Pan      | Noticed Zeurap the pandemonium lord
155198 | Pan      | Found an exit through the horrors of the Abyss.
155203 | Pan      | Took an exit into the Abyss.
155203 | Abyss:1  | Escaped into the Abyss
155398 | Abyss:1  | Reached skill level 15 in Ice Magic
155551 | Abyss:1  | Paralysed by accursed screaming for 1 turns
156096 | Abyss:1  | Lost mutation: You evolve. [end of evolution]
156169 | Depths:3 | Escaped the Abyss
156256 | Pan      | Entered Pandemonium
156832 | Pan      | Found an exit through the horrors of the Abyss.
156834 | Pan      | Gained mutation: You are clumsy. (Dex -2) [a cacodemon]
157018 | Pan      | Found an exit through the horrors of the Abyss.
157021 | Pan      | Took an exit into the Abyss.
157021 | Abyss:1  | Escaped into the Abyss
157039 | Abyss:1  | Found a corrupted altar of Lugonu.
157053 | Abyss:1  | Got an obsidian-studded scale mail
157054 | Abyss:1  | Identified the +0 scale mail of a Thousand Gods {MR+ rCorr} (You found it on level 1 of the Abyss)
157083 | Depths:3 | Escaped the Abyss
157121 | Pan      | Entered the realm of Gloorx Vloq.
157121 | Pan      | Entered Pandemonium
157385 | Pan      | Found an exit through the horrors of the Abyss.
158070 | Pan      | HP: 7/155 [Executioner (3)]
160442 | Pan      | Noticed Gloorx Vloq
160460 | Pan      | Got a dark rune of Zot
160748 | Pan      | Reached skill level 15 in Invocations
160912 | Pan      | Entered the realm of Lom Lobon.
161247 | Pan      | Found an exit through the horrors of the Abyss.
162064 | Pan      | Noticed Lom Lobon
162451 | Pan      | Noticed Gloorx Vloq
162841 | Pan      | Got a magical rune of Zot
163144 | Pan      | Took an exit into the Abyss.
163144 | Abyss:1  | Escaped into the Abyss
163151 | Depths:3 | Escaped the Abyss
163175 | Pan      | Entered Pandemonium
163715 | Pan      | Entered the realm of Mnoleg.
163943 | Pan      | Found an exit through the horrors of the Abyss.
164651 | Pan      | Noticed Mnoleg
164923 | Pan      | Got a glowing rune of Zot
165070 | Pan      | Noticed Ryosas the pandemonium lord
165529 | Pan      | Noticed Vaitt the pandemonium lord
165644 | Pan      | Upgraded the game from 0.17-a0-1718-g72dbe4d to 0.17-a0-1719-g1afd5a1
165701 | Pan      | Noticed Suek the pandemonium lord
165737 | Pan      | Found an exit through the horrors of the Abyss.
165746 | Pan      | Took an exit into the Abyss.
165746 | Abyss:1  | Escaped into the Abyss
166070 | Depths:3 | Escaped the Abyss
166072 | Pan      | Entered the realm of Cerebov.
166072 | Pan      | Entered Pandemonium
166485 | Pan      | Found an exit through the horrors of the Abyss.
167231 | Pan      | Got a brightly glowing war axe
167232 | Pan      | Identified the +7 war axe of Dithmenos's Wrath {speed, +Fly Int-5 SInv} (You found it in Pandemonium)
167236 | Pan      | Got a slimy robe
167252 | Pan      | Identified the +2 robe of Amorality {-Cast Str+3 Int+5} (You found it in Pandemonium)
167521 | Pan      | Identified the Handbook of the Road Less Travelled (You found it in Pandemonium)
167617 | Pan      | Learned a level 7 spell: Ring of Flames
167766 | Pan      | Noticed Cerebov
167821 | Pan      | Identified the Volume of the Rocks
168339 | Pan      | Got a fiery rune of Zot
168623 | Pan      | Found an exit through the horrors of the Abyss.
168644 | Pan      | Took an exit into the Abyss.
168644 | Abyss:1  | Escaped into the Abyss
168722 | Depths:3 | Escaped the Abyss
168726 | Pan      | Entered Pandemonium
172092 | Pan      | Found a glowing silver altar of Zin.
172475 | Pan      | Got an ichor-stained large shield
172486 | Pan      | Identified the +2 large shield of the Other World {MP+9 Str+4 Slay+2} (You took it off a daeva in Pandemonium)
172959 | Pan      | Noticed a seraph
173123 | Pan      | Found a glowing golden altar of the Shining One.
173142 | Pan      | Killed a seraph
173149 | Pan      | Got a demonic rune of Zot
173155 | Pan      | Got a warped lead ring
173156 | Pan      | Identified the ring of the Nightingale {rPois EV+3 Int+2} (You took it off a seraph in Pandemonium)
173163 | Pan      | Got a crystal mace
173164 | Pan      | Identified the +6 mace of Kismet {freeze, Dex+4} (You found it in Pandemonium)
173375 | Pan      | Got a twisted large shield
173788 | Pan      | Identified the +4 large shield of the Undertaker {rF+} (You took it off a daeva in Pandemonium)
174111 | Pan      | Reached skill level 27 in Fire Magic
175214 | Pan      | Got a brightly glowing large shield
175225 | Pan      | Identified the cursed +0 large shield of Pantheism {Str+9} (You took it off a daeva in Pandemonium)
175254 | Pan      | Found a white marble altar of Elyvilon.
176641 | Pan      | Got an ancient long sword
176642 | Pan      | Identified the +5 long sword of Tortfeasance {slice, *Contam rPois Int+9} (You took it off a putrid demonspawn in Pandemonium)
176659 | Pan      | Gained mutation: You tend to lose your temper in combat. [mutagenic glow]
176842 | Pan      | Noticed Xogehim the pandemonium lord
177469 | Pan      | Noticed Ignacio
177718 | Pan      | Found a gateway to a ziggurat.
177721 | Zig:1    | Entered Level 1 of a ziggurat
177782 | Zig:2    | Entered Level 2 of a ziggurat
177837 | Zig:3    | Entered Level 3 of a ziggurat
178021 | Zig:4    | Entered Level 4 of a ziggurat
178105 | Zig:5    | Entered Level 5 of a ziggurat
178113 | Zig:5    | Paralysed by accursed screaming for 1 turns
178228 | Zig:6    | Entered Level 6 of a ziggurat
178264 | Zig:6    | Identified Sif Muna's Grimoire of Displacement
178278 | Zig:6    | Reached skill level 5 in Evocations
178453 | Zig:7    | Entered Level 7 of a ziggurat
178631 | Zig:8    | Entered Level 8 of a ziggurat
178656 | Zig:8    | Noticed Dava Zio the pandemonium lord
178674 | Zig:8    | Got a twisted leather armour
178687 | Pan      | Identified the +2 leather armour "Qurch" {rN+ Str+2} (You found it on level 8 of a ziggurat)
178852 | Pan      | Found an exit through the horrors of the Abyss.
178861 | Pan      | Took an exit into the Abyss.
178861 | Abyss:1  | Escaped into the Abyss
178863 | Abyss:1  | Found a corrupted altar of Lugonu.
178879 | Abyss:1  | Found a shattered altar of Ashenzari.
178950 | Abyss:1  | Found a corrupted altar of Lugonu.
179045 | Depths:3 | Escaped the Abyss
180702 | Dis:7    | Identified a +2 rod of clouds (10/10) (You found it on level 7 of the Iron City of Dis)
180734 | Dis:7    | Got a transparent quarterstaff
180735 | Dis:7    | Identified the +4 quarterstaff "Ininlyuh" {flame, MP+9 Str+2} (You found it on level 7 of the Iron City of Dis)
181544 | Dis:7    | Identified the Tome of Burning Execration
181554 | Dis:7    | Identified the Reference Book on Confrontation
182585 | Dis:7    | Got a glittering bone ring
182586 | Dis:7    | Identified the ring of Makhleb's Hatred {MP+9 Str+4 Dex+5 Stlth+} (You took it off a skeletal warrior on level 7 of the Iron City of Dis)
182609 | Dis:7    | Noticed Dispater
182628 | Dis:7    | Got an iron rune of Zot
182957 | Tar:1    | Entered Level 1 of Tartarus
183298 | Tar:7    | Entered Level 7 of Tartarus
184023 | Tar:7    | Got a glittering lead amulet
184024 | Tar:7    | Identified the amulet of Xom's Hatred {Clar rN+ Dex+2} (You found it on level 7 of Tartarus)
184579 | Tar:7    | Noticed the Serpent of Hell
184783 | Tar:7    | Noticed Ereshkigal
184803 | Tar:7    | Got a bone rune of Zot
184806 | Tar:7    | Got a shimmering copper ring
184809 | Tar:7    | Got a crude pewter amulet
184889 | Hell     | Identified the ring "Eguxep" {Wiz rPois MR++} (You found it on level 7 of Tartarus)
184890 | Hell     | Identified the amulet of Laruphin {Ward rN+ Slay+3} (You found it on level 7 of Tartarus)
185017 | Geh:1    | Entered Level 1 of Gehenna
188312 | Geh:7    | Entered Level 7 of Gehenna
189021 | Geh:7    | Noticed Asmodeus
189040 | Geh:7    | Got an obsidian rune of Zot
190922 | Temple   | Fell from the grace of Zin
190922 | Temple   | Became a worshipper of the Shining One
190922 | Temple   | Acquired the Shining One's first power
190922 | Temple   | Acquired the Shining One's second power
190923 | Temple   | Lost mutation: You are clumsy. (Dex -2) [potion of beneficial mutation]
190924 | Temple   | Gained mutation: You can breathe flames. [potion of beneficial mutation]
190931 | Temple   | Fell from the grace of the Shining One
190931 | Temple   | Became a worshipper of Zin the Law-Giver
190932 | Temple   | Donated 4689 gold pieces to Zin
191330 | Coc:1    | Entered Level 1 of Cocytus
191634 | Coc:3    | Reached skill level 27 in Dodging
191878 | Coc:7    | Entered Level 7 of Cocytus
192248 | Coc:7    | Reached skill level 15 in Shields
193602 | Coc:7    | Noticed Antaeus
194112 | Coc:7    | Got a spiked leather armour
194113 | Coc:7    | Identified the +0 leather armour of the Morning Star {Dex+4} (You found it on level 7 of Cocytus)
194124 | Coc:7    | Learned a level 6 spell: Haste
194212 | Coc:7    | Got an icy rune of Zot
194217 | Coc:7    | Got a pair of jewelled gloves
194218 | Coc:7    | Identified the -2 pair of gloves of Greater Demons {+Blink rN+ SInv} (You found it on level 7 of Cocytus)
195304 | Zot:5    | Noticed an orb of fire
195740 | Zot:5    | Killed an orb of fire
195931 | Zot:5    | Killed an orb of fire
196197 | Zot:5    | Noticed an orb of fire
196341 | Zot:5    | Killed an orb of fire
197162 | Zot:5    | Got the Orb of Zot
197163 | Zot:5    | Noticed Avofe the pandemonium lord
197205 | Zot:5    | Noticed an ancient lich
197486 | Depths:3 | Noticed Opissypp the pandemonium lord
197835 | D:5      | Noticed Ajiynoav the pandemonium lord
197955 | D:$      | Escaped with the Orb!

Vault maps used:
D:1:      dpeg_arrival_windows_large_door, minivault_4
D:3:      wad_lake_hut, goddamned_bats
D:4:      first_bread, grunt_dithmenos_smoke
D:5:      minmay_temple_entry_fiery, basic_altar, serial_shops, shop,
          kennysheep_nub, uniq_prince_ribbit1
D:6:      uniq_crazy_yiuf_cottage, uniq_pikel
D:8:      kennysheep_little_box
D:10:     erik_lair_orcish_takeover, david_orc_4,
          hangedman_little_slice_of_home, minmay_rotating_lava, uniq_maurice
D:12:     lemuel_flamethrower_3
D:13:     minmay_spiral_squares, portal_ice_cave_entry_imps,
          serial_bayou_lagoon_b, uniq_erolcha, uniq_josephine, uniq_nessos
D:14:     wad_river_or_something, david_vaults_5, kennysheep_another_room
D:15:     gammafunk_enter_depths_forms, serial_shops, bzr_firewalk,
          bh_walls_and_bars
Temple:   nicolae_temple_no_exploring_needed
Lair:1:   bh_autumn_forest_stairs, serial_bayou_shore_a
Lair:2:   mu_elephants_graveyard, lab_entry_generic, beast_lair_carwin_2
Lair:3:   minmay_swamp_entry_eels, beast_lair_carwin_11
Lair:4:   guppyfry_snake_entry_island, infiniplex_staircase_pool
Lair:5:   minivault_26
Lair:6:   grunt_megastairs_1, lemuel_fruit_fields
Lair:7:   nicolae_quartered_pool_super, ldierk_geyser,
          eino_small_chamber_without_monster
Lair:8:   evil_forest, dpeg_slime_entry_enclosed_altar,
          nicolae_volcano_entry_s_turn, infiniplex_staircase_pool_2
Swamp:1:  evilmike_swamp_ruin_rubble_1, swamp_pool1
Swamp:2:  basic_altar, swamp_pool1, nicolae_swamp_round_clearing
Swamp:3:  nicolae_swamp_trees_clearing
Swamp:4:  swamp_old_school, uniq_aizul
Snake:1:  grunt_megastairs_4, lemuel_fruit_tree
Snake:2:  serial_bayou_ford_a, uniq_agnes
Snake:3:  basic_altar
Snake:4:  snake_pit, serial_shops, nicolae_shop_window_shopping,
          nicolae_shop_behind_doors, basic_altar, stair_cage_line,
          serial_bayou_lagoon_a, uniq_jorgrun
Slime:4:  uniq_dissolution
Orc:1:    serial_shops, nicolae_shop_crystal
Orc:3:    nicolae_orc_pool_cavern
Orc:4:    grunt_orc_cross, mines2_david
Elf:1:    eino_elf_arrival_sip, minmay_elf_crystal_hexagon,
          hangedman_research_probablistics
Elf:3:    grunt_elf_hall_diamonds, spider_trap
Vaults:1: vaults_mumra_hex, nicolae_vaults_asterisk, hangedman_vaults_pinch,
          nicolae_vaults_little_squares_2, nicolae_vaults_what_the_h,
          st_spiral_rooms, vaults_dpeg_hooks, vaults_room_pools,
          vaults_mumra_hexcomb, uniq_norris, uniq_asterion
Vaults:2: vaults_room_fours, vaults_room_boxed, nicolae_vaults_big_angled_halls,
          v_misc_8, blue_anna_dwarven_crypt, grunt_vaults_funnel,
          ontoclasm_vaults_gateway, nicolae_vaults_mini_display_case,
          vaults_room_semicircle, vaults_dpeg_ring, v_misc_23, v_pattern_2
Vaults:3: nicolae_vaults_circle_grid_b, st_diamondy,
          ontoclasm_vaults_misaligned, ontoclasm_vaults_eye, v_misc_32,
          ontoclasm_vaults_fault, ontoclasm_vaults_twist,
          nicolae_vaults_little_squares_5, hangedman_vaults_capsules,
          ontoclasm_vaults_ligature, ontoclasm_vaults_shuriken,
          vaults_standard_mumra_lines, grunt_vaults_diagonal
Vaults:4: hangedman_vaults_stitches, vaults_mumra_chevron_long, v_alt_pattern_2,
          v_misc_8, v_misc_12, dpeg_vaults_monster_box
Vaults:5: uniq_jory
Crypt:1:  gammafunk_crypt_yreds_forest
Crypt:2:  st_stairs_11, evilmike_ambush
Crypt:3:  evilmike_haunted_forest
Depths:1: hangedman_decor_riveting, pf_vacation_house_of_asmodeus,
          lemuel_freeze_loot_1
Depths:2: abrahamwl_protected_by_tso_3, special_room, hell_entry, serial_shops,
          shop
Depths:3: hangedman_opposites_gauntlet, hell_entry, special_room, moated_statue,
          rand_demon_pan_entry_3, infiniplex_staircase_door_maze
Depths:4: gold_lair_mu, enter_ziggurat_d, minmay_staircase_statues_hall_small,
          hangedman_abyss_entry_splay, grunt_hell_entry_dis_old, pandoras_box_mu
Depths:5: grunt_zot_entry_gee_three, grunt_metal_band,
          nicolae_trove_entry_columns, nicolae_snake_squiggles
Dis:1:    hangedman_iron_city_apartments
Dis:2:    nicolae_dis_strange_trophy_room
Dis:6:    lemuel_dis_dragons
Dis:7:    iron_city_of_dis, hangedman_dis_chains
Geh:2:    evilmike_ambush
Geh:5:    gehenna_fire_generator
Geh:7:    evilmike_geh
Coc:7:    coc_old
Tar:3:    minmay_shadows, lemuel_nasty_pond
Tar:4:    nicolae_tar_fractal_crypt, grunt_megastairs_5
Tar:6:    kb_skeletal_archery
Tar:7:    tar_minmay_river
Zot:1:    lemuel_acid_trip
Zot:2:    nicolae_zot_stationary_front
Zot:3:    grunt_megastairs_2
Abyss:1:  hangedman_cross_veins
Abyss:2:  hangedman_shadowy_showcase
Abyss:3:  onia_ninara_dug_in_and_dangerous, hangedman_abyss_mock_shop,
          grunt_abyss_rune_wretched_hive, minivault_5
Abyss:4:  evilmike_abyss_exit_vortex, evilmike_abyss_exit_12,
          hangedman_abyss_theft
Pan:      rand_demon_7, uniq_mennas_pan, rand_demon_6, pan_blood_fountain,
          evilmike_mini_pan_corridor, pan_blood_fountain,
          evilmike_mini_pan_doors_b, pan_blood_fountain_2,
          evilmike_mini_pan_pillars, nicolae_pan_lom_lobonic_1,
          lemuel_hellion_island, enter_ziggurat_pan_c,
          nicolae_pan_gloorx_vloqian_3, nicolae_pan_sigil_obb,
          pan_captured_pigsty, evilmike_mini_pan_pillars, pan_blood_fountain,
          nicolae_pan_hourglass, gloorx_vloq, nicolae_pan_diamonds,
          pan_blood_fountain_2, uniq_gloorx_vloq, lom_lobon_spiral_st,
          uniq_gloorx_vloq, grunt_pan_pentagram, pan_blood_fountain_small,
          nicolae_pan_lom_lobonic_1, mnoleg, rand_demon_3,
          evilmike_mini_pan_doors, nicolae_pan_mnolegish_3, rand_demon_3,
          uniq_mnoleg, grunt_pan_spiral, evilmike_mini_pan_pillars_b,
          uniq_mnoleg, cerebov_st, rand_demon_1, uniq_cerebov,
          evilmike_mini_pan_diamond, pan_blood_fountain_small,
          nicolae_pan_mnolegish_4, evilmike_holy_pan, rand_demon_8,
          uniq_ignacio, nicolae_pan_lom_lobonic_2, evilmike_mini_pan_layers,
          nicolae_pan_lom_lobonic_2, reaverb_pan_figure_eight,
          evilmike_mini_pan_corridor, uniq_ignacio, enter_ziggurat_pan_b,
          evilmike_mini_pan_other_thingy, uniq_cerebov
Lab:      labyrinth_spiral, nicolae_lab_blocks, nicolae_lab_quarters,
          labyrinth_skeletal_remains, lab_hedge, nicolae_lab_starburst,
          nicolae_lab_x
Bazaar:   bazaar_jpeg_circle_rare_2
Trove:    trove_armour_six_rooms
IceCv:    ice_cave_small_necro
Volcano:  kennysheep_volcano_temple

Action                   |  1- 3 |  4- 6 |  7- 9 | 10-12 | 13-15 | 16-18 | 19-21 | 22-24 | 25-27 || total
-------------------------+-------+-------+-------+-------+-------+-------+-------+-------+-------++-------
Melee: Dagger            |    51 |    67 |   155 |   177 |    81 |     6 |   215 |   373 |  4042 ||  5167
       Rapier            |       |       |       |       |    98 |       |       |       |       ||    98
       Staff             |       |       |       |       |       |     4 |     2 |     2 |    16 ||    24
       Quick blade       |       |       |       |       |       |       |     7 |       |       ||     7
       Flail             |       |       |       |       |       |       |       |       |     8 ||     8
 Cast: Flame Tongue      |    62 |    90 |   131 |   339 |   170 |       |       |       |       ||   792
       Throw Flame       |     2 |     6 |    93 |   129 |   434 |   293 |   257 |   102 |    52 ||  1368
       Sticky Flame      |       |       |     7 |    61 |    67 |    16 |    26 |    52 |   340 ||   569
       Conjure Flame     |       |       |     3 |    23 |     1 |     1 |       |       |       ||    28
       Fireball          |       |       |     1 |     6 |    85 |   100 |   261 |   180 |  1234 ||  1867
       Mephitic Cloud    |       |       |       |    42 |    39 |     5 |    42 |    21 |    39 ||   188
       Sting             |       |       |       |     2 |       |       |       |       |       ||     2
       Iskenderun's Batt |       |       |       |    14 |   225 |   183 |   240 |   149 |   926 ||  1737
       Dazzling Spray    |       |       |       |     7 |    96 |    20 |    29 |    59 |   393 ||   604
       Cure Poison       |       |       |       |     1 |     1 |    11 |       |       |       ||    13
       Force Lance       |       |       |       |       |    62 |   165 |   213 |   166 |  1503 ||  2109
       Iskenderun's Myst |       |       |       |       |     6 |       |       |       |       ||     6
       Regeneration      |       |       |       |       |    20 |     7 |    13 |    14 |     3 ||    57
       Magic Dart        |       |       |       |       |    62 |   203 |   188 |   103 |  1145 ||  1701
       Shroud of Golubri |       |       |       |       |     1 |    30 |    24 |    34 |   158 ||   247
       Deflect Missiles  |       |       |       |       |     1 |     6 |     9 |    10 |    15 ||    41
       Animate Skeleton  |       |       |       |       |       |    88 |   236 |   105 |   112 ||   541
       Bolt of Draining  |       |       |       |       |       |    53 |   130 |   102 |   289 ||   574
       Bolt of Magma     |       |       |       |       |       |       |    15 |    15 |    59 ||    89
       Swiftness         |       |       |       |       |       |       |     3 |     2 |       ||     5
       Control Undead    |       |       |       |       |       |       |     7 |    70 |    40 ||   117
       Controlled Blink  |       |       |       |       |       |       |     1 |     3 |    40 ||    44
       Dispel Undead     |       |       |       |       |       |       |       |   203 |   284 ||   487
       Animate Dead      |       |       |       |       |       |       |       |    54 |    69 ||   123
       Phase Shift       |       |       |       |       |       |       |       |       |   152 ||   152
       Delayed Fireball  |       |       |       |       |       |       |       |       |     9 ||     9
       Apportation       |       |       |       |       |       |       |       |       |    26 ||    26
       Cause Fear        |       |       |       |       |       |       |       |       |     1 ||     1
       Bolt of Cold      |       |       |       |       |       |       |       |       |   353 ||   353
       Ozocubu's Armour  |       |       |       |       |       |       |       |       |    94 ||    94
       Bolt of Fire      |       |       |       |       |       |       |       |       |    74 ||    74
       Dispersal         |       |       |       |       |       |       |       |       |    29 ||    29
       Blink             |       |       |       |       |       |       |       |       |    27 ||    27
Invok: Channel Energy    |       |       |       |   227 |   681 |   237 |   857 |   309 |   342 ||  2653
       Forget Spell      |       |       |       |       |       |       |       |       |    11 ||    11
       Recite            |       |       |       |       |       |       |       |       |   385 ||   385
       Vitalisation      |       |       |       |       |       |       |       |       |    15 ||    15
       Sanctuary         |       |       |       |       |       |       |       |       |     9 ||     9
       Donate Gold       |       |       |       |       |       |       |       |       |     2 ||     2
       Renounce Religion |       |       |       |       |       |       |       |       |     1 ||     1
 Abil: Evoke Flight      |       |       |       |       |     2 |       |       |       |       ||     2
       Evoke Blink       |       |       |       |       |       |       |       |       |     6 ||     6
       Release Delayed F |       |       |       |       |       |       |       |       |     4 ||     4
Evoke: Wand              |       |       |       |       |     6 |     7 |     8 |     7 |    45 ||    73
       Lamp of fire      |       |       |       |       |     2 |     1 |     2 |     2 |     4 ||    11
       Fan of gales      |       |       |       |       |       |       |       |     1 |       ||     1
       Phial of floods   |       |       |       |       |       |       |       |       |     1 ||     1
  Use: Potion            |     2 |     1 |     2 |     2 |     5 |     7 |     4 |     6 |    46 ||    75
       Scroll            |     2 |     1 |    14 |    13 |    14 |     8 |    22 |    20 |    68 ||   162
 Stab: Sleeping          |     4 |     7 |     4 |     4 |    23 |       |     6 |     9 |   130 ||   187
       Distracted        |       |       |     1 |       |       |       |     1 |    14 |    28 ||    44
       Confused          |       |       |       |    15 |     5 |       |    22 |    17 |    59 ||   118
       Invisible         |       |       |       |     6 |    12 |       |       |     5 |    54 ||    77
       Paralysed         |       |       |       |       |       |       |       |     1 |     1 ||     2
  Eat: Chunk             |     4 |    10 |    17 |    56 |   145 |    46 |   414 |   216 |   404 ||  1312
       Pizza             |       |       |     2 |       |     1 |       |       |       |     2 ||     5
       Fruit             |       |       |     1 |       |     2 |    17 |       |     2 |    27 ||    49
       Bread ration      |       |       |       |       |     1 |     1 |       |       |    35 ||    37
       Meat ration       |       |       |       |       |       |     2 |       |       |    10 ||    12
       Beef jerky        |       |       |       |       |       |     2 |       |       |     6 ||     8
       Royal jelly       |       |       |       |       |       |       |       |       |     3 ||     3
